 Dungeon Crawl Stone Soup version 0.29.0-4-gdea44cf6ec (webtiles) character file.

Game seed: 3163621375404489915

385599 qw the Slayer (level 21, -3/217 HPs)
             Began as a Minotaur Berserker on Sept 6, 2022.
             Was an Elder of Trog.
             Slain by a dire elephant (7 damage)
             ... while petrified
             ... on level 3 of the Depths on Sept 7, 2022.
             The game lasted 00:21:01 (49542 turns).

qw the Slayer (Minotaur Berserker)                 Turns: 49542, Time: 00:21:01

Health: -3/217     AC: 26    Str: 33    XL:     21   Next: 99%
Magic:  29/29      EV:  2    Int:  4    God:    Trog [****..]
Gold:   1837       SH:  0    Dex: 18    Spells: 20/20 levels left

rFire   + + .      SeeInvis +   m - +4 broad axe (venom)
rCold   + + .      Faith    .   u - +0 tower shield {AC+3}
rNeg    + + +      Spirit   .   w - +4 plate armour of Hedging {MP+9 Str+4 SInv}
rPois   inf        Reflect  +   c - +1 hat of Qutaf {rF+ Dex+4}
rElec   .          Harm     .   p - scarf {rC+ rF+}
rCorr   .          Rampage  .   o - +1 pair of gloves of Nifucwi {Drain rPois Regen+}
Will    +....                   t - +2 pair of boots "Bope" {+Inv rC+}
Stlth   ..........              y - amulet of reflection
HPRegen 1.26/turn               Y - +4 ring of protection
MPRegen 0.21/turn               h - +4 ring of evasion

@: petrified, corroded, on berserk cooldown
A: horns 2, retaliatory headbutt
}: 2/15 runes: decaying, serpentine
a: Renounce Religion, Evoke Invisibility, Berserk, Trog's Hand, Brothers in Arms


You were on level 3 of the Depths.
You worshipped Trog.
Trog was greatly pleased with you.
You visited 7 branches of the dungeon, and saw 38 of its levels.
You visited 1 bazaar.
You also visited: Gauntlet.

You collected 4078 gold pieces.
You spent 2241 gold pieces at shops.


Innate Abilities, Weirdness & Mutations

You have a pair of horns on your head.
You reflexively headbutt those who attack you in melee.


   Skills:
 - Level 25.0 Fighting
 - Level 18.0 Axes
 + Level 12.2 Throwing
 - Level 21.5 Armour
 - Level 16.0 Dodging
 - Level 22.1 Shields


You had 20 spell levels left.
You didn't know any spells.
Your spell library was empty.

Inventory:

Hand Weapons
 m - a +4 broad axe of venom (weapon)
Missiles
 s - 2 silver javelins (quivered)
Armour
 c - the +1 hat of Qutaf (worn) {rF+ Dex+4}
   (You acquired it on level 12 of the Dungeon)

   Dex:       It affects your dexterity (+4).
   rF:        It protects you from fire.
 f - a +0 cloak
 l - +0 gold dragon scales
 o - the +1 pair of gloves of Nifucwi (worn) {Drain rPois Regen+}
   (You found it on level 3 of the Snake Pit)

   rPois:     It protects you from poison.
   Regen:     It increases your rate of health regeneration.
   Drain:     It drains your maximum health when unequipped.
 p - a scarf of resistance (worn)
 t - the +2 pair of boots "Bope" (worn) {+Inv rC+}
   (You found it on level 8 of the Dungeon)

   rC:        It protects you from cold.
   +Inv:      It lets you turn invisible.
 u - a +0 tower shield of protection (worn)
 w - the +4 plate armour of Hedging (worn) {MP+9 Str+4 SInv}
   (You found it on level 10 of the Dungeon)

   Str:       It affects your strength (+4).
   MP:        It affects your magic capacity (+9).
   SInv:      It lets you see invisible.
Jewellery
 b - a ring of fire
 h - a +4 ring of evasion (right hand)
 y - an amulet of reflection (around neck)
 Y - a +4 ring of protection (left hand)
Wands
 v - a wand of digging (11)
Scrolls
 d - 19 scrolls of identify
 k - 21 scrolls of teleportation
 q - a scroll of enchant armour
Potions
 a - 3 potions of haste
 e - 17 potions of curing
 i - 5 potions of heal wounds
 j - 5 potions of mutation
 n - 4 potions of might

Dungeon Overview and Level Annotations

Branches:
Dungeon (15/15)            Temple (0/1) D:5            Lair (5/5) D:8
  Swamp (4/4) Lair:2        Snake (4/4) Lair:3        Slime (0/5) Lair:5
    Orc (2/2) D:12            Elf (0/3) Orc:2        Vaults (4/5) D:14
  Crypt (0/3) Vaults:2     Depths (4/4) D:15        Gauntlet (visited)
    Zot: Depths:4

Altars:
Dithmenos
Elyvilon
Kikubaaqudgha
Makhleb
Okawaru
Qazlal
Sif Muna
Xom
Yredelemnul

Shops:
D:6 :   D:10 *   Orc:2 [=?:   Snake:1 [   Snake:2 =   Vaults:2 [

Portals:
Hell: Depths:1 Depths:2
Abyss: Depths:1 Depths:2
Pandemonium: Depths:2

Annotations:
D:12 1 runed translucent door
D:14 1 runed translucent door, Axipewex's ghost, journeyman OgTm
Orc:2 1 runed translucent door, qw's ghost, adept GrFi


Message History

The fire dragon tramples you.
You hold your ground!
The dire elephant tramples you!
You hold your ground!
The dire elephant trunk-slaps you but does no damage.
You are engulfed in calcifying dust.
The caustic shrike barely misses you. The caustic shrike claws you!
You are splashed with acid!
The fire dragon bites you but does no damage.
The fire dragon claws you but does no damage.
The fire dragon tramples you but does no damage.
The dire elephant tramples you but does no damage.
The dire elephant trunk-slaps you but does no damage.
The caustic shrike claws you!!
You are splashed with acid!
The caustic shrike claws you but does no damage.
The fire dragon bites you but does no damage.
The fire dragon claws you but does no damage.
The fire dragon tramples you but does no damage.
The dire elephant tramples you.
You hold your ground!
The dire elephant trunk-slaps you but does no damage.
The caustic shrike claws you. The acid corrodes you!
You are splashed with acid!
The caustic shrike claws you!!
You are splashed with acid!
The fire dragon bites you!
The fire dragon claws you but does no damage.
The fire dragon completely misses you.
The dire elephant tramples you but does no damage.
The dire elephant trunk-slaps you but does no damage.
The caustic shrike claws you!! The acid corrodes you!
You are splashed with acid!
The caustic shrike claws you but does no damage.
The fire dragon bites you!
The fire dragon claws you but does no damage.
The fire dragon tramples you but does no damage.
The dire elephant tramples you!!
You hold your ground!
The dire elephant trunk-slaps you but does no damage.
The caustic shrike no longer looks unusually strong.
The caustic shrike claws you but does no damage.
The caustic shrike claws you! The acid corrodes you!
You are splashed with acid!
The fire dragon bites you but does no damage.
The fire dragon claws you but does no damage.
The fire dragon tramples you but does no damage.
The dire elephant tramples you!
You die...

##...P..#
#......P#
##..%..P#
#.....P#
###..#####
###....#
#...P..#
##D.....#
#@YT....#
##b7%...#
#yD#'###
.Di'...
....#.7T.
.....#....Y.
.............
.......# ....
....##.## ...


You could see a dire elephant (very poisoned), a caustic shrike, a fire dragon,
an ice dragon, an iron troll (strong), a 12-headed hydra (strong), a spark wasp
and a spriggan druid.

Vanquished Creatures
  Saint Roka (Vaults:1)
  A caustic shrike (Depths:3)
  Vashnia (Snake:3)
  2 golden dragons
  A bone dragon (Vaults:2)
  A tentacled monstrosity (Depths:3)
  Jorgrun (Orc:1)
  Mlioglotl (Swamp:1)
  2 quicksilver dragons (Snake:4)
  A lich (Depths:1)
  5 sphinxes
  7 tengu reavers
  Kirke (D:12)
  Gastronok (Lair:1)
  A draconian monk (Depths:4)
  Donald (Vaults:2)
  A shadow dragon (Depths:2)
  2 fenstrider witches (Swamp:3)
  A nagaraja (Snake:4)
  2 orc warlords
  3 fire giants
  14 vault wardens
  4 frost giants
  Louise (Swamp:1)
  Aizul (Snake:3)
  A draconian annihilator (Depths:4)
  12 ironbound preservers
  8 stone giants
  3 ironbound thunderhulks
  21 very ugly things
  3 vampire knights
  5 eleionomae
  A deep elf annihilator (D:12)
  A black draconian (Depths:4)
  6 dire elephants
  4 yellow draconians (Depths:4)
  A minotaur (Gauntlet)
  5 ettins
  3 bunyips
  A purple draconian (Depths:4)
  5 entropy weavers
  5 crystal guardians
  3 shambling mangroves
  5 yaktaur captains
  6 fire dragons
  Fannar (D:12)
  15 vault guards
  7 great orbs of eyes
  Harold (Lair:2)
  4 ice dragons
  7 boulder beetles
  2 rakshasas
  6 salamander tyrants (Snake:4)
  4 catoblepae
  2 peacekeepers (Vaults:4)
  5 ironbound frosthearts
  28 hydras
  2 ogre magi
  3 spriggan air magi
  10 centaur warriors
  2 ghost crabs
  8 two-headed ogres
  12 anacondas
  Erica (Orc:1)
  2 dancing weapons (D:14)
  4 death yaks
  8 deep troll shamans
  5 tengu warriors
  7 alligators
  13 naga warriors
  4 deep troll earth magi
  2 orc high priests (Orc:2)
  3 spriggan berserkers
  7 hell knights (Depths:1)
  2 hell hogs
  12 shock serpents
  Nergalle (D:12)
  14 naga sharpshooters
  A fire crab (Lair:2)
  8 salamander mystics
  56 deep trolls
  9 skeletal warriors
  4 iron trolls
  4 goliath frogs
  3 spriggan druids
  7 naga ritualists
  8 bog bodies
  3 glowing orange brains
  9 swamp dragons
  12 lindwurms
  5 wizards
  11 harpies
  13 ironbound convokers
  4 necromancers
  A tengu zombie (Depths:2)
  4 orc sorcerers (Orc:2)
  9 orc knights
  6 phantasmal warriors
  3 deep elf pyromancers
  40 ugly things
  4 manticores (D:12)
  7 mana vipers
  A cyclops (shapeshifter) (D:12)
  A stone giant zombie (Depths:1)
  2 large abominations (Gauntlet)
  3 cyclopes
  13 salamanders
  A frost giant zombie (Depths:2)
  6 will-o-the-wisps
  20 elephants
  A frost giant skeleton (Depths:1)
  23 naga magi
  4 guardian serpents
  2 torpor snails
  41 black mambas
  3 gargoyles
  16 vault sentinels
  An elf skeleton (Vaults:4)
  Maggie (Lair:1)
  9 cane toads
  2 unseen horrors
  An efreet (D:10)
  19 yaktaurs
  A yaktaur zombie (Vaults:4)
  2 freezing wraiths
  4 tengu conjurers
  7 rime drakes
  12 komodo dragons
  7 polar bears
  A bloated husk (Swamp:3)
  3 meliai (D:14)
  8 trolls
  Grinder (D:4)
  A tengu simulacrum (Depths:1)
  A wolf spider simulacrum (D:15)
  9 hornets
  35 slime creatures
  A polar bear (shapeshifter) (Depths:3)
  A tarantella (shapeshifter) (D:13)
  18 blink frogs
  13 tyrant leeches
  8 dream sheep
  Sigmund (D:2)
  A jumping spider (Vaults:2)
  8 spriggans
  27 yaks
  A culicivora (Vaults:1)
  4 wyverns
  2 fire bats (Gauntlet)
  3 hogs (D:12)
  7 basilisks
  11 vampire mosquitoes
  8 redbacks
  Grum (D:8)
  2 steam dragons
  13 swamp worms
  39 nagas
  5 wargs
  Edmund (D:4)
  A glowing shapeshifter zombie (Vaults:4)
  An ogre zombie (Vaults:4)
  A hell hound (Gauntlet)
  2 acid dragons
  2 glowing shapeshifter skeletons
  10 water moccasins
  2 ice beasts
  29 orc warriors
  6 swamp drakes (Swamp:4)
  4 black bears
  A spriggan simulacrum (Depths:1)
  A floating eye zombie (Depths:2)
  9 ogres
  3 boggarts (Vaults:1)
  36 wolves
  7 centaurs
  A phantom (D:5)
  23 bullfrogs
  A kobold brigand (D:9)
  A gnoll sergeant (D:9)
  A necrophage (D:5)
  2 scorpions
  5 killer bees (D:8)
  9 howler monkeys
  6 small abominations (Gauntlet)
  16 orc priests
  A gnoll bouda (D:6)
  3 hounds (D:5)
  11 iguanas
  21 orc wizards
  Robin (D:2)
  9 adders
  14 gnolls
  A shadow imp (D:7)
  A white imp (D:5)
  An ufetubus (D:5)
  4 worms
  6 dart slugs
  74 orcs
  12 ball pythons
  2 endoplasms
  4 giant cockroaches
  11 goblins
  14 hobgoblins
  12 kobolds
  7 quokkas
  11 bats
  A frilled lizard (D:1)
  3 rats
1432 creatures vanquished.

Vanquished Creatures (collateral kills)
  Agnes (Snake:2)
  A nagaraja (Snake:4)
  A frost giant (Depths:2)
  An ironbound thunderhulk (Vaults:2)
  A deep elf annihilator (Vaults:1)
  A spark wasp (Depths:1)
  3 ettins
  A shambling mangrove (Swamp:4)
  An ice dragon (Depths:1)
  A rakshasa (Depths:1)
  2 salamander tyrants (Snake:4)
  A hydra (Swamp:4)
  An anaconda (Snake:3)
  A deep troll earth mage (Depths:1)
  An orc high priest (Orc:2)
  A naga sharpshooter (Snake:4)
  2 spriggan berserkers
  A deep troll (shapeshifter) (Depths:2)
  A bog body (Swamp:4)
  3 deep trolls (Depths:1)
  An obsidian statue (Orc:2)
  A naga ritualist (Snake:4)
  An orc knight (Orc:2)
  A salamander (Snake:4)
  A naga mage (Snake:4)
  A slime creature (D:12)
  3 hornets
  A slime creature (shapeshifter) (Vaults:1)
  A spriggan (Depths:1)
  3 nagas
  A swamp worm (Swamp:4)
  2 orc warriors (Vaults:1)
  2 swamp drakes (Swamp:4)
  2 orc priests (Orc:2)
  An orc wizard (Orc:2)
  An orc (Vaults:1)
49 creatures vanquished.

Vanquished Creatures (others)
  Nikola (Swamp:4)
  Asterion (Snake:3)
  A naga warrior (Snake:3)
  A swamp dragon (Swamp:3)
  A naga mage (Snake:3)
  A bloated husk (Swamp:3)
  2 bushes (Depths:3)
  23 demonic plants (Gauntlet)
  50 foxfires
  38 fungi
  49 plants
168 creatures vanquished.

Grand Total: 1649 creatures vanquished

Notes
Turn   | Place    | Note
-------+----------+-------------------------------------------
     0 | D:1      | qw the Minotaur Berserker began the quest for the Orb.
     0 | D:1      | Reached XP level 1. HP: 19/19 MP: 0/0
     0 | D:1      | 0 ||| qw: Version: 0.1-a-108-g9e35731
     0 | D:1      | 0 ||| qw: Game counter: 6417
     0 | D:1      | 0 ||| qw: Always use a shield: true
     0 | D:1      | 0 ||| qw: Do Orc after D:15 true
     0 | D:1      | 0 ||| qw: Do second Lair branch before Depths: true
     0 | D:1      | 0 ||| qw: Lair rune preference: random
     0 | D:1      | 0 ||| qw: Plans: Normal
     0 | D:1      | 0 ||| PLANNING D:1-11
    50 | D:1      | 50 ||| DROPPING +0 club.
   288 | D:1      | 288 ||| READING scroll labelled YNYUNG FIJUV.
   457 | D:1      | Reached XP level 2. HP: 15/26 MP: 1/1
   624 | D:1      | Found a faded altar of an unknown god.
   633 | D:1      | 633 ||| Stepping ~*~*~tactically~*~*~ (hiding).
   735 | D:1      | 735 ||| Stepping ~*~*~tactically~*~*~ (hiding).
   837 | D:1      | 837 ||| Stepping ~*~*~tactically~*~*~ (hiding).
   842 | D:1      | 842 ||| Stepping ~*~*~tactically~*~*~ (hiding).
  1282 | D:1      | 1282 ||| UPGRADING to +6 ring of dexterity.
  1283 | D:1      | 1283 ||| READING scroll labelled CASYURCH JAXY.
  1724 | D:2      | Noticed Robin
  1725 | D:2      | 1725 ||| Stepping ~*~*~tactically~*~*~ (hiding).
  1726 | D:2      | 1726 ||| Stepping ~*~*~tactically~*~*~ (hiding).
  1727 | D:2      | 1727 ||| Stepping ~*~*~tactically~*~*~ (hiding).
  1728 | D:2      | 1728 ||| Stepping ~*~*~tactically~*~*~ (hiding).
  1729 | D:2      | 1729 ||| Stepping ~*~*~tactically~*~*~ (hiding).
  1734 | D:2      | 1734 ||| INVOKING Berserk.
  1735 | D:2      | 1735 ||| INVOKING Berserk.
  1737 | D:2      | Noticed Sigmund
  1739 | D:2      | Reached XP level 3. HP: 26/31 MP: 2/2
  1743 | D:2      | Killed Robin
  1750 | D:2      | Killed Sigmund
  1751 | D:2      | Reached XP level 4. HP: 10/39 MP: 3/3
  1751 | D:2      | Reached XP level 5. HP: 11/45 MP: 4/4
  1768 | D:2      | 1768 ||| FLEEEEING.
  1769 | D:2      | 1769 ||| FLEEEEING.
  1770 | D:2      | 1770 ||| FLEEEEING.
  1772 | D:2      | 1772 ||| FLEEEEING.
  1774 | D:2      | 1774 ||| FLEEEEING.
  1775 | D:2      | 1775 ||| FLEEEEING.
  1781 | D:2      | 1781 ||| FLEEEEING.
  1782 | D:2      | 1782 ||| FLEEEEING.
  1783 | D:2      | 1783 ||| STAIRDANCE
  1967 | D:1      | 1967 ||| UPGRADING to +4 ring of evasion.
  1968 | D:1      | 1968 ||| DROPPING ring of flight.
  1969 | D:1      | 1969 ||| READING 2 scrolls labelled HUGHIR XOODGHIF.
  1970 | D:1      | 1970 ||| READING scroll labelled YRUN WYOKOWAU.
  1971 | D:1      | 1971 ||| DRINKING 2 white potions.
  1972 | D:1      | 1972 ||| DROPPING scroll of noise.
  1973 | D:1      | 1973 ||| DROPPING potion of attraction.
  1999 | D:2      | Found a shimmering altar of Xom.
  2090 | D:2      | 2090 ||| READING scroll labelled YTOORI XYNKI.
  2110 | D:3      | 2110 ||| PLANNING SEWER
  2113 | D:3      | 2113 ||| Stepping ~*~*~tactically~*~*~ (stealth).
  2116 | D:3      | 2116 ||| Stepping ~*~*~tactically~*~*~ (stealth).
  2141 | D:3      | 2141 ||| Stepping ~*~*~tactically~*~*~ (stealth).
  2142 | D:3      | 2142 ||| Stepping ~*~*~tactically~*~*~ (stealth).
  2150 | D:3      | Reached skill level 4 in Fighting
  2197 | D:3      | 2197 ||| Stepping ~*~*~tactically~*~*~ (stealth).
  2221 | D:3      | 2221 ||| FLEEEEING.
  2280 | D:3      | 2280 ||| DROPPING +0 mace.
  2325 | D:3      | 2325 ||| Stepping ~*~*~tactically~*~*~ (stealth).
  2362 | D:3      | 2362 ||| Stepping ~*~*~tactically~*~*~ (hiding).
  2373 | D:3      | 2373 ||| INVOKING Berserk.
  2376 | D:3      | Reached XP level 6. HP: 44/52 MP: 5/5
  2386 | D:3      | HP: 12/52 [poisoned by an orc]
  2390 | D:3      | HP: 4/52 [poisoned by an orc]
  2677 | D:3      | 2677 ||| Stepping ~*~*~tactically~*~*~ (stealth).
  2705 | D:3      | 2705 ||| Stepping ~*~*~tactically~*~*~ (stealth).
  2722 | D:3      | 2722 ||| Stepping ~*~*~tactically~*~*~ (stealth).
  2736 | D:3      | Reached ** piety under Trog
  2807 | D:3      | 2807 ||| RIP SEWER
  2808 | D:3      | 2808 ||| PLANNING D:1-11
  2808 | D:3      | 2808 ||| Stepping ~*~*~tactically~*~*~ (water).
  2930 | D:3      | Identified the +1 dagger of Xozud {elec, rElec MP-9 Dex+6
                  | SInv}
  2938 | D:3      | 2938 ||| Stepping ~*~*~tactically~*~*~ (stealth).
  3125 | D:3      | 3125 ||| Stepping ~*~*~tactically~*~*~ (stealth).
  3127 | D:3      | 3127 ||| Stepping ~*~*~tactically~*~*~ (stealth).
  3130 | D:3      | 3130 ||| Stepping ~*~*~tactically~*~*~ (stealth).
  3224 | D:3      | 3224 ||| UPGRADING to +0 scale mail.
  3234 | D:3      | 3234 ||| DROPPING +0 animal skin.
  3235 | D:3      | 3235 ||| UPGRADING to +0 chain mail.
  3245 | D:3      | 3245 ||| DROPPING +0 scale mail.
  3246 | D:3      | 3246 ||| UPGRADING to +0 pair of gloves.
  3251 | D:3      | 3251 ||| READING scroll labelled DOHENGAEBB.
  3285 | D:4      | 3285 ||| PLANNING OSSUARY
  3336 | D:4      | Noticed Grinder
  3337 | D:4      | 3337 ||| Stepping ~*~*~tactically~*~*~ (stealth).
  3339 | D:4      | 3339 ||| INVOKING Trog's Hand.
  3343 | D:4      | 3343 ||| INVOKING Berserk.
  3347 | D:4      | Killed Grinder
  3348 | D:4      | Reached skill level 9 in Axes
  3348 | D:4      | Reached XP level 7. HP: 59/59 MP: 6/6
  3528 | D:4      | 3528 ||| INVOKING Berserk.
  3531 | D:4      | Reached skill level 3 in Armour
  3809 | D:4      | Noticed Edmund
  3815 | D:4      | 3815 ||| INVOKING Berserk.
  3818 | D:4      | Killed Edmund
  3819 | D:4      | Reached skill level 5 in Fighting
  3922 | D:4      | 3922 ||| RIP OSSUARY
  3923 | D:4      | 3923 ||| PLANNING D:1-11
  3925 | D:4      | 3925 ||| DROPPING +0 flail.
  4012 | D:4      | 4012 ||| Stepping ~*~*~tactically~*~*~ (stealth).
  4536 | D:4      | 4536 ||| UPGRADING to amulet of regeneration.
  4541 | D:4      | 4541 ||| READING scroll labelled HOREYG PEBBOSESA.
  4544 | D:4      | 4544 ||| READING scroll labelled PIPASE OBIJOHY.
  4545 | D:4      | 4545 ||| READING scroll labelled CONAGE TUZI.
  4546 | D:4      | 4546 ||| DRINKING 2 sedimented amethyst potions.
  4547 | D:4      | 4547 ||| DRINKING 2 black potions.
  4648 | D:4      | 4648 ||| READING 2 scrolls of identify.
  4648 | D:4      | 4648 ||| IDENTIFYING red potion
  4649 | D:4      | 4649 ||| DROPPING potion of brilliance.
  4650 | D:4      | 4650 ||| DROPPING potion of ambrosia.
  4679 | D:5      | Entered Level 5 of the Dungeon
  4679 | D:5      | Found a staircase to the Ecumenical Temple.
  4681 | D:5      | 4681 ||| INVOKING Berserk.
  4685 | D:5      | Reached skill level 6 in Fighting
  4687 | D:5      | 4687 ||| STAIRDANCE
  4798 | D:5      | 4798 ||| STAIRDANCE
  4821 | D:5      | 4821 ||| STAIRDANCE
  4828 | D:5      | 4828 ||| STAIRDANCE
  4830 | D:4      | 4830 ||| INVOKING Berserk.
  4833 | D:4      | Reached XP level 8. HP: 70/70 MP: 7/7
  4940 | D:5      | 4940 ||| INVOKING Berserk.
  4955 | D:5      | Reached skill level 3 in Dodging
  5168 | D:5      | 5168 ||| Stepping ~*~*~tactically~*~*~ (stealth).
  5269 | D:5      | Reached *** piety under Trog
  5278 | D:5      | 5278 ||| Stepping ~*~*~tactically~*~*~ (hiding).
  5279 | D:5      | 5279 ||| Stepping ~*~*~tactically~*~*~ (hiding).
  5281 | D:5      | 5281 ||| Stepping ~*~*~tactically~*~*~ (hiding).
  5332 | D:5      | 5332 ||| Stepping ~*~*~tactically~*~*~ (stealth).
  5333 | D:5      | 5333 ||| Stepping ~*~*~tactically~*~*~ (stealth).
  5377 | D:5      | 5377 ||| INVOKING Berserk.
  5485 | D:5      | 5485 ||| Stepping ~*~*~tactically~*~*~ (hiding).
  5486 | D:5      | 5486 ||| Stepping ~*~*~tactically~*~*~ (hiding).
  5521 | D:5      | Reached skill level 12 in Axes
  5556 | D:5      | 5556 ||| Stepping ~*~*~tactically~*~*~ (stealth).
  5701 | D:5      | 5701 ||| Stepping ~*~*~tactically~*~*~ (hiding).
  5783 | D:5      | You fall into a shaft and drop 2 floors!
  5842 | D:7      | Reached skill level 7 in Fighting
  5861 | D:7      | Reached XP level 9. HP: 75/79 MP: 8/8
  5876 | D:7      | 5876 ||| READING 2 scrolls of identify.
  5876 | D:7      | 5876 ||| IDENTIFYING yellow potion
  5877 | D:7      | 5877 ||| DROPPING potion of degeneration.
  5923 | D:6      | Found Duqeacoc's Vocational Training.
  5924 | D:6      | 5924 ||| Stepping ~*~*~tactically~*~*~ (hiding).
  5928 | D:6      | 5928 ||| Stepping ~*~*~tactically~*~*~ (hiding).
  5933 | D:6      | 5933 ||| INVOKING Berserk.
  6047 | D:6      | 6047 ||| DROPPING +4 flail of holy wrath.
  6094 | D:6      | 6094 ||| SWAPPING to +0 war axe.
  6100 | D:6      | 6100 ||| DROPPING +0 hand axe.
  6104 | D:6      | 6104 ||| READING scroll labelled TIF MUDOEMOZ.
  6105 | D:6      | 6105 ||| READING scroll labelled WULLIA CEAMEMUP.
  6106 | D:6      | 6106 ||| DRINKING 2 viscous cyan potions.
  6347 | D:6      | 6347 ||| STAIRDANCE
  6396 | D:6      | Found a burning altar of Makhleb.
  6405 | D:6      | Found a stormy altar of Qazlal.
  6466 | D:6      | 6466 ||| Stepping ~*~*~tactically~*~*~ (hiding).
  6471 | D:6      | 6471 ||| Stepping ~*~*~tactically~*~*~ (stealth).
  6474 | D:6      | 6474 ||| Stepping ~*~*~tactically~*~*~ (stealth).
  6475 | D:6      | 6475 ||| Stepping ~*~*~tactically~*~*~ (stealth).
  6476 | D:6      | 6476 ||| Stepping ~*~*~tactically~*~*~ (stealth).
  6480 | D:6      | 6480 ||| DRINKING potion of curing.
  6480 | D:6      | 6480 ||| (to cure confusion)
  6481 | D:6      | 6481 ||| INVOKING Berserk.
  6578 | D:6      | 6578 ||| Stepping ~*~*~tactically~*~*~ (stealth).
  6601 | D:6      | 6601 ||| INVOKING Berserk.
  6960 | D:6      | 6960 ||| READING scroll labelled PIONUU MESOMMI.
  6961 | D:6      | 6961 ||| READING 4 scrolls of identify.
  6961 | D:6      | 6961 ||| IDENTIFYING fuming coppery potion
  6962 | D:6      | 6962 ||| READING 3 scrolls of identify.
  6962 | D:6      | 6962 ||| IDENTIFYING bubbling dark potion
  6963 | D:6      | 6963 ||| READING 2 scrolls of identify.
  6963 | D:6      | 6963 ||| IDENTIFYING dark potion
  6964 | D:6      | 6964 ||| DROPPING potion of berserk rage.
  7011 | D:7      | Found a shimmering blue altar of Sif Muna.
  7021 | D:7      | Found a basalt altar of Yredelemnul.
  7021 | D:7      | Found a shadowy altar of Dithmenos.
  7144 | D:7      | Reached skill level 8 in Fighting
  7738 | D:8      | Noticed Grum
  7739 | D:8      | 7739 ||| Stepping ~*~*~tactically~*~*~ (hiding).
  7745 | D:8      | 7745 ||| INVOKING Berserk.
  7748 | D:8      | Killed Grum
  7771 | D:8      | HP: 19/81 [poisoned by an orc wizard]
  7776 | D:8      | HP: 16/81 [poisoned by an orc wizard]
  7874 | D:8      | 7874 ||| INVOKING Berserk.
  7933 | D:8      | 7933 ||| Stepping ~*~*~tactically~*~*~ (stealth).
  7938 | D:8      | 7938 ||| DROPPING +2 flail of protection.
  7989 | D:8      | 7989 ||| Stepping ~*~*~tactically~*~*~ (stealth).
  7994 | D:8      | Reached skill level 1 in Throwing
  7994 | D:8      | Reached XP level 10. HP: 88/88 MP: 9/9
  7995 | D:8      | 7995 ||| INVOKING Berserk.
  8196 | D:8      | 8196 ||| Stepping ~*~*~tactically~*~*~ (stealth).
  8207 | D:8      | 8207 ||| Stepping ~*~*~tactically~*~*~ (stealth).
  8208 | D:8      | 8208 ||| Stepping ~*~*~tactically~*~*~ (stealth).
  8306 | D:8      | Identified the +2 pair of boots "Bope" {+Inv rC+}
  8350 | D:8      | Found a staircase to the Lair.
  8468 | D:8      | 8468 ||| Stepping ~*~*~tactically~*~*~ (stealth).
  8477 | D:8      | Reached **** piety under Trog
  8526 | D:8      | 8526 ||| Stepping ~*~*~tactically~*~*~ (hiding).
  8542 | D:8      | 8542 ||| PLANNING LAIR
  8542 | D:8      | 8542 ||| UPGRADING to +0 plate armour.
  8552 | D:8      | 8552 ||| DROPPING +0 chain mail.
  8553 | D:8      | 8553 ||| UPGRADING to +2 pair of boots "Bope" {+Inv rC+}.
  8558 | D:8      | 8558 ||| READING 2 scrolls labelled LOADDECKIGUL.
  8559 | D:8      | 8559 ||| READING scroll of enchant weapon.
  8559 | D:8      | 8559 ||| ENCHANTING +1 war axe.
  8560 | D:8      | 8560 ||| READING scroll labelled XIESKE XYMAM.
  8560 | D:8      | Identified a scroll of acquirement
  8560 | D:8      | 8560 ||| ACQUIRING +0 broad axe of flaming
  8560 | D:8      | Acquired a +0 broad axe of flaming
  8562 | D:8      | 8562 ||| SWAPPING to +0 broad axe of flaming.
  8563 | D:8      | 8563 ||| DROPPING +0 morningstar.
  8564 | D:8      | 8564 ||| DROPPING +2 war axe.
  8620 | Lair:1   | Entered Level 1 of the Lair of Beasts
  8651 | Lair:1   | Noticed a deep troll
  8653 | Lair:1   | 8653 ||| INVOKING Berserk.
  8655 | Lair:1   | Killed a deep troll
  8793 | Lair:1   | Noticed a cane toad
  8796 | Lair:1   | 8796 ||| INVOKING Berserk.
  8799 | Lair:1   | Killed a cane toad
  8800 | Lair:1   | Reached skill level 15 in Axes
  8959 | Lair:1   | Identified the +1 robe "Purucvocw" {rPois rF- rC++ rCorr}
  8999 | Lair:1   | 8999 ||| Stepping ~*~*~tactically~*~*~ (stealth).
  9003 | Lair:1   | 9003 ||| INVOKING Berserk.
  9005 | Lair:1   | Reached skill level 9 in Fighting
  9239 | Lair:1   | 9239 ||| INVOKING Berserk.
  9239 | Lair:1   | Noticed a five-headed hydra
  9253 | Lair:1   | Killed a two-headed hydra
  9254 | Lair:1   | Reached XP level 11. HP: 97/97 MP: 10/10
  9417 | Lair:1   | 9417 ||| INVOKING Berserk.
  9618 | Lair:1   | Noticed Gastronok
  9623 | Lair:1   | 9623 ||| INVOKING Berserk.
  9629 | Lair:1   | Killed Gastronok
  9684 | Lair:1   | Noticed Maggie
  9690 | Lair:1   | Killed Maggie
  9894 | Lair:1   | 9894 ||| UPGRADING to +0 pearl dragon scales.
  9904 | Lair:1   | 9904 ||| DROPPING +0 plate armour.
  9905 | Lair:1   | 9905 ||| UPGRADING to +2 hat.
  9910 | Lair:1   | 9910 ||| DROPPING amulet of the acrobat.
  9911 | Lair:1   | 9911 ||| DROPPING amulet of guardian spirit.
  9912 | Lair:1   | 9912 ||| DRINKING 2 murky pink potions.
  9938 | Lair:1   | 9938 ||| DROPPING potion of lignification.
  9968 | Lair:2   | 9968 ||| PLANNING GAUNTLET
 10054 | Lair:2   | 10054 ||| INVOKING Berserk.
 10182 | Lair:2   | Noticed Harold
 10185 | Lair:2   | 10185 ||| INVOKING Berserk.
 10199 | Lair:2   | Killed Harold
 10200 | Lair:2   | Reached skill level 10 in Fighting
 10323 | Lair:2   | 10323 ||| Stepping ~*~*~tactically~*~*~ (stealth).
 10341 | Lair:2   | Reached skill level 6 in Dodging
 10347 | Lair:2   | Found a gate leading to a gauntlet.
 10348 | Lair:2   | 10348 ||| READING 2 scrolls of identify.
 10348 | Lair:2   | 10348 ||| IDENTIFYING sedimented blue potion
 10357 | Gauntlet | Entered a Gauntlet
 10357 | Gauntlet | Found a transporter.
 10357 | Gauntlet | Found a transporter.
 10357 | Gauntlet | Found a transporter.
 10358 | Gauntlet | Found a transporter.
 10359 | Gauntlet | Found a transporter.
 10362 | Gauntlet | Found a transporter.
 10363 | Gauntlet | Noticed a fire crab
 10364 | Gauntlet | Noticed a large abomination
 10371 | Gauntlet | Found a transporter.
 10371 | Gauntlet | Found a transporter.
 10372 | Gauntlet | Found a transporter.
 10373 | Gauntlet | Found a transporter.
 10379 | Gauntlet | Noticed a death drake
 10380 | Gauntlet | Noticed a hell hog
 10381 | Gauntlet | Found a transporter.
 10486 | Gauntlet | Found a transporter.
 10531 | Gauntlet | 10531 ||| INVOKING Berserk.
 10653 | Gauntlet | 10653 ||| DROPPING scarf of shadows.
 10666 | Gauntlet | Reached skill level 18 in Axes
 10676 | Gauntlet | Killed a large abomination
 10689 | Gauntlet | 10689 ||| READING scroll of enchant weapon.
 10689 | Gauntlet | 10689 ||| ENCHANTING +0 broad axe of flaming.
 10700 | Gauntlet | Reached skill level 9 in Armour
 10701 | Gauntlet | 10701 ||| INVOKING Berserk.
 10704 | Gauntlet | Killed a hell hog
 10829 | Gauntlet | Identified the +0 hat "Doary" {*Corrode rPois Will+++
                  | Slay-3}
 10833 | Gauntlet | 10833 ||| UPGRADING to +0 hat "Doary" {*Corrode rPois
                  | Will+++ Slay-3}.
 10862 | Gauntlet | Identified the +11 trident "Qyoc" {vorpal, rElec Dex+6
                  | SInv}
 10862 | Gauntlet | Noticed a minotaur
 10864 | Gauntlet | 10864 ||| INVOKING Berserk.
 10871 | Gauntlet | Killed a minotaur
 10872 | Gauntlet | Reached skill level 11 in Fighting
 10872 | Gauntlet | Reached XP level 12. HP: 61/110 MP: 11/11
 10956 | Lair:2   | 10956 ||| PLANNING LAIR
 10970 | Lair:2   | 10970 ||| Stepping ~*~*~tactically~*~*~ (hiding).
 10974 | Lair:2   | 10974 ||| INVOKING Berserk.
 11091 | Lair:2   | Noticed a five-headed hydra
 11093 | Lair:2   | 11093 ||| Stepping ~*~*~tactically~*~*~ (stealth).
 11094 | Lair:2   | 11094 ||| INVOKING Berserk.
 11100 | Lair:2   | Killed a one-headed hydra
 11101 | Lair:2   | Reached skill level 3 in Throwing
 11142 | Lair:2   | Noticed a six-headed hydra
 11146 | Lair:2   | 11146 ||| INVOKING Berserk.
 11151 | Lair:2   | Killed a four-headed hydra
 11247 | Lair:2   | Found a staircase to the Swamp.
 11370 | Lair:2   | 11370 ||| INVOKING Berserk.
 11593 | Lair:2   | Noticed a four-headed hydra
 11594 | Lair:2   | 11594 ||| INVOKING Berserk.
 11597 | Lair:2   | Killed a one-headed hydra
 11679 | Lair:2   | 11679 ||| Stepping ~*~*~tactically~*~*~ (stealth).
 11768 | Lair:2   | 11768 ||| INVOKING Berserk.
 11983 | Lair:2   | 11983 ||| Stepping ~*~*~tactically~*~*~ (hiding).
 12118 | Lair:2   | 12118 ||| Stepping ~*~*~tactically~*~*~ (hiding).
 12128 | Lair:2   | 12128 ||| INVOKING Berserk.
 12311 | Lair:2   | Reached skill level 12 in Fighting
 12320 | Lair:2   | Noticed a catoblepas
 12321 | Lair:2   | 12321 ||| Stepping ~*~*~tactically~*~*~ (cloud).
 12339 | Lair:2   | 12339 ||| Stepping ~*~*~tactically~*~*~ (cloud).
 12343 | Lair:2   | 12343 ||| Stepping ~*~*~tactically~*~*~ (cloud).
 12365 | Lair:2   | 12365 ||| Stepping ~*~*~tactically~*~*~ (cloud).
 12407 | Lair:2   | 12407 ||| Stepping ~*~*~tactically~*~*~ (cloud).
 12418 | Lair:2   | 12418 ||| Stepping ~*~*~tactically~*~*~ (cloud).
 12422 | Lair:2   | 12422 ||| INVOKING Berserk.
 12426 | Lair:2   | Killed a catoblepas
 12877 | Lair:2   | 12877 ||| Stepping ~*~*~tactically~*~*~ (stealth).
 12879 | Lair:2   | 12879 ||| INVOKING Berserk.
 12896 | Lair:2   | 12896 ||| Stepping ~*~*~tactically~*~*~ (stealth).
 12923 | Lair:2   | 12923 ||| Stepping ~*~*~tactically~*~*~ (stealth).
 12924 | Lair:2   | 12924 ||| Stepping ~*~*~tactically~*~*~ (stealth).
 13041 | Lair:2   | Noticed a five-headed hydra
 13045 | Lair:2   | 13045 ||| INVOKING Berserk.
 13047 | Lair:2   | Killed a three-headed hydra
 13073 | Lair:2   | Reached skill level 13 in Fighting
 13227 | Lair:2   | 13227 ||| Stepping ~*~*~tactically~*~*~ (stealth).
 13228 | Lair:2   | 13228 ||| Stepping ~*~*~tactically~*~*~ (stealth).
 13342 | Lair:2   | Noticed a death yak
 13344 | Lair:2   | 13344 ||| INVOKING Berserk.
 13348 | Lair:2   | Reached skill level 9 in Dodging
 13348 | Lair:2   | Reached XP level 13. HP: 122/122 MP: 12/12
 13476 | Lair:2   | 13476 ||| DROPPING +3 chain mail of willpower.
 13477 | Lair:2   | 13477 ||| READING scroll labelled OSURCH WEITZ.
 13584 | Lair:3   | 13584 ||| INVOKING Berserk.
 13707 | Lair:3   | 13707 ||| Stepping ~*~*~tactically~*~*~ (stealth).
 13711 | Lair:3   | 13711 ||| Stepping ~*~*~tactically~*~*~ (stealth).
 13715 | Lair:3   | 13715 ||| INVOKING Berserk.
 13957 | Lair:3   | 13957 ||| Stepping ~*~*~tactically~*~*~ (stealth).
 13970 | Lair:3   | Found a staircase to the Snake Pit.
 14078 | Lair:3   | 14078 ||| INVOKING Berserk.
 14083 | Lair:3   | Reached skill level 6 in Throwing
 14226 | Lair:3   | 14226 ||| READING scroll of enchant armour.
 14226 | Lair:3   | 14226 ||| ENCHANTING +0 pearl dragon scales.
 14704 | Lair:3   | 14704 ||| READING 3 scrolls of identify.
 14704 | Lair:3   | 14704 ||| IDENTIFYING coppery potion
 14705 | Lair:3   | 14705 ||| DROPPING potion of flight.
 14725 | Lair:4   | 14725 ||| STAIRDANCE
 14729 | Lair:4   | 14729 ||| STAIRDANCE
 14745 | Lair:4   | 14745 ||| STAIRDANCE
 14751 | Lair:4   | 14751 ||| STAIRDANCE
 14756 | Lair:4   | 14756 ||| INVOKING Berserk.
 14770 | Lair:4   | 14770 ||| STAIRDANCE
 14964 | Lair:4   | 14964 ||| Stepping ~*~*~tactically~*~*~ (hiding).
 14966 | Lair:4   | 14966 ||| Stepping ~*~*~tactically~*~*~ (hiding).
 15177 | Lair:4   | 15177 ||| READING scroll of enchant armour.
 15177 | Lair:4   | 15177 ||| ENCHANTING +1 pearl dragon scales.
 15185 | Lair:4   | 15185 ||| READING scroll of enchant weapon.
 15185 | Lair:4   | 15185 ||| ENCHANTING +1 broad axe of flaming.
 15362 | Lair:4   | 15362 ||| INVOKING Berserk.
 15487 | Lair:4   | 15487 ||| Stepping ~*~*~tactically~*~*~ (stealth).
 15489 | Lair:4   | 15489 ||| INVOKING Berserk.
 15509 | Lair:4   | 15509 ||| Stepping ~*~*~tactically~*~*~ (cloud).
 15512 | Lair:4   | Reached skill level 14 in Fighting
 15514 | Lair:4   | 15514 ||| Stepping ~*~*~tactically~*~*~ (cloud).
 15517 | Lair:4   | 15517 ||| Stepping ~*~*~tactically~*~*~ (cloud).
 15531 | Lair:4   | 15531 ||| Stepping ~*~*~tactically~*~*~ (stealth).
 15639 | Lair:4   | 15639 ||| Stepping ~*~*~tactically~*~*~ (stealth).
 15647 | Lair:4   | 15647 ||| Stepping ~*~*~tactically~*~*~ (stealth).
 15981 | Lair:5   | Entered Level 5 of the Lair of Beasts
 16034 | Lair:5   | Reached skill level 12 in Armour
 16037 | Lair:5   | Found a frozen archway.
 16091 | Lair:5   | 16091 ||| Stepping ~*~*~tactically~*~*~ (stealth).
 16092 | Lair:5   | 16092 ||| Stepping ~*~*~tactically~*~*~ (stealth).
 16093 | Lair:5   | 16093 ||| Stepping ~*~*~tactically~*~*~ (stealth).
 16118 | Lair:5   | 16118 ||| FLEEEEING.
 16282 | Lair:5   | 16282 ||| INVOKING Berserk.
 16311 | Lair:5   | 16311 ||| Stepping ~*~*~tactically~*~*~ (cloud).
 16325 | Lair:5   | Reached skill level 15 in Fighting
 16329 | Lair:5   | HP: 27/126 [deep troll shaman (6)]
 16330 | Lair:5   | 16330 ||| READING 5 scrolls of teleportation.
 16331 | Lair:5   | 16331 ||| DRINKING 2 potions of heal wounds.
 16442 | Lair:5   | Noticed a dire elephant
 16447 | Lair:5   | 16447 ||| INVOKING Berserk.
 16454 | Lair:5   | Killed a dire elephant
 16688 | Lair:5   | 16688 ||| Stepping ~*~*~tactically~*~*~ (stealth).
 16762 | Lair:5   | 16762 ||| INVOKING Berserk.
 16772 | Lair:5   | Reached XP level 14. HP: 135/135 MP: 13/13
 16778 | Lair:5   | Reached ***** piety under Trog
 16843 | Lair:5   | 16843 ||| INVOKING Berserk.
 17045 | Lair:5   | 17045 ||| Stepping ~*~*~tactically~*~*~ (water).
 17141 | Lair:5   | Found a staircase to the Slime Pits.
 17166 | Lair:5   | 17166 ||| Stepping ~*~*~tactically~*~*~ (stealth).
 17168 | Lair:5   | 17168 ||| Stepping ~*~*~tactically~*~*~ (stealth).
 17173 | Lair:5   | 17173 ||| Stepping ~*~*~tactically~*~*~ (stealth).
 17188 | Lair:5   | 17188 ||| INVOKING Berserk.
 17744 | Lair:5   | 17744 ||| PLANNING D:1-11
 17915 | D:9      | Received a gift from Trog
 17956 | D:9      | 17956 ||| READING scroll of enchant weapon.
 17956 | D:9      | 17956 ||| ENCHANTING +2 broad axe of flaming.
 17968 | D:9      | 17968 ||| Stepping ~*~*~tactically~*~*~ (stealth).
 17972 | D:9      | 17972 ||| Stepping ~*~*~tactically~*~*~ (stealth).
 17975 | D:9      | 17975 ||| Stepping ~*~*~tactically~*~*~ (stealth).
 17977 | D:9      | 17977 ||| Stepping ~*~*~tactically~*~*~ (hiding).
 17979 | D:9      | 17979 ||| Stepping ~*~*~tactically~*~*~ (hiding).
 17980 | D:9      | 17980 ||| Stepping ~*~*~tactically~*~*~ (hiding).
 17987 | D:9      | 17987 ||| Stepping ~*~*~tactically~*~*~ (stealth).
 17988 | D:9      | 17988 ||| Stepping ~*~*~tactically~*~*~ (stealth).
 18164 | D:9      | Reached skill level 16 in Fighting
 18644 | D:10     | Entered Level 10 of the Dungeon
 18819 | D:10     | Found Vizu's Overcharged Wands.
 18826 | D:10     | 18826 ||| BUYING wand of digging (11) (693 gold).
 18826 | D:10     | Bought a wand of digging (11) for 693 gold pieces
 18901 | D:10     | 18901 ||| Stepping ~*~*~tactically~*~*~ (stealth).
 18937 | D:10     | 18937 ||| Stepping ~*~*~tactically~*~*~ (stealth).
 18947 | D:10     | 18947 ||| Stepping ~*~*~tactically~*~*~ (stealth).
 18948 | D:10     | 18948 ||| INVOKING Berserk.
 18951 | D:10     | Identified the ring "Ureng" {Will+ Str+2 Dex+6 Slay-5}
 18996 | D:10     | 18996 ||| Stepping ~*~*~tactically~*~*~ (stealth).
 18998 | D:10     | 18998 ||| INVOKING Trog's Hand.
 19013 | D:10     | 19013 ||| Stepping ~*~*~tactically~*~*~ (cloud).
 19017 | D:10     | 19017 ||| FLEEEEING.
 19018 | D:10     | 19018 ||| FLEEEEING.
 19019 | D:10     | 19019 ||| FLEEEEING.
 19021 | D:10     | 19021 ||| FLEEEEING.
 19023 | D:10     | 19023 ||| FLEEEEING.
 19024 | D:10     | 19024 ||| FLEEEEING.
 19025 | D:10     | 19025 ||| FLEEEEING.
 19029 | D:10     | 19029 ||| FLEEEEING.
 19030 | D:10     | 19030 ||| FLEEEEING.
 19031 | D:10     | 19031 ||| FLEEEEING.
 19032 | D:10     | 19032 ||| FLEEEEING.
 19033 | D:10     | 19033 ||| FLEEEEING.
 19034 | D:10     | 19034 ||| FLEEEEING.
 19035 | D:10     | 19035 ||| FLEEEEING.
 19036 | D:10     | 19036 ||| FLEEEEING.
 19038 | D:10     | 19038 ||| FLEEEEING.
 19039 | D:10     | 19039 ||| FLEEEEING.
 19042 | D:10     | 19042 ||| FLEEEEING.
 19043 | D:10     | 19043 ||| STAIRDANCE
 19066 | D:9      | 19066 ||| READING 12 scrolls of identify.
 19066 | D:9      | 19066 ||| IDENTIFYING emerald potion
 19182 | D:10     | 19182 ||| Stepping ~*~*~tactically~*~*~ (hiding).
 19216 | D:10     | 19216 ||| DROPPING +2 war axe of electrocution.
 19217 | D:10     | Identified the +4 plate armour of Hedging {MP+9 Str+4 SInv}
 19526 | D:10     | Found an iron altar of Okawaru.
 19622 | D:10     | 19622 ||| UPGRADING to +4 plate armour of Hedging {MP+9
                  | Str+4 SInv}.
 19632 | D:10     | 19632 ||| DROPPING +2 pearl dragon scales.
 19910 | D:11     | 19910 ||| INVOKING Berserk.
 20529 | D:11     | 20529 ||| INVOKING Berserk.
 20651 | D:11     | 20651 ||| PLANNING D
 20651 | D:11     | 20651 ||| UPGRADING to +6 ring of strength.
 20653 | D:11     | 20653 ||| DROPPING ring of ice.
 20654 | D:11     | 20654 ||| DROPPING ring of protection from cold.
 20655 | D:11     | 20655 ||| DROPPING +6 ring of dexterity.
 20656 | D:11     | 20656 ||| READING scroll labelled ROTHRATZO XIPE.
 20749 | D:12     | Identified the +2 robe of Focus {rElec Int-3 Dex+2}
 20750 | D:12     | Noticed Fannar
 20759 | D:12     | Killed Fannar
 20765 | D:12     | 20765 ||| Stepping ~*~*~tactically~*~*~ (stealth).
 20766 | D:12     | 20766 ||| Stepping ~*~*~tactically~*~*~ (stealth).
 20767 | D:12     | 20767 ||| Stepping ~*~*~tactically~*~*~ (stealth).
 20768 | D:12     | 20768 ||| Stepping ~*~*~tactically~*~*~ (stealth).
 20784 | D:12     | 20784 ||| Stepping ~*~*~tactically~*~*~ (stealth).
 20790 | D:12     | 20790 ||| FLEEEEING.
 20791 | D:12     | 20791 ||| FLEEEEING.
 20792 | D:12     | 20792 ||| FLEEEEING.
 20793 | D:12     | 20793 ||| FLEEEEING.
 20794 | D:12     | 20794 ||| FLEEEEING.
 20795 | D:12     | 20795 ||| FLEEEEING.
 20800 | D:12     | 20800 ||| Stepping ~*~*~tactically~*~*~ (stealth).
 20800 | D:12     | Noticed Kirke
 20801 | D:12     | 20801 ||| Stepping ~*~*~tactically~*~*~ (stealth).
 20823 | D:12     | Noticed Nergalle
 20831 | D:12     | Killed Nergalle
 20848 | D:12     | Reached skill level 17 in Fighting
 20878 | D:12     | 20878 ||| FLEEEEING.
 20879 | D:12     | 20879 ||| FLEEEEING.
 20880 | D:12     | 20880 ||| FLEEEEING.
 20881 | D:12     | 20881 ||| FLEEEEING.
 20882 | D:12     | 20882 ||| FLEEEEING.
 20884 | D:12     | 20884 ||| FLEEEEING.
 20885 | D:12     | 20885 ||| FLEEEEING.
 20886 | D:12     | 20886 ||| FLEEEEING.
 20929 | D:12     | 20929 ||| Stepping ~*~*~tactically~*~*~ (stealth).
 20930 | D:12     | 20930 ||| INVOKING Trog's Hand.
 20936 | D:12     | 20936 ||| INVOKING Berserk.
 20942 | D:12     | Killed Kirke
 21180 | D:12     | 21180 ||| FLEEEEING.
 21181 | D:12     | 21181 ||| FLEEEEING.
 21182 | D:12     | 21182 ||| FLEEEEING.
 21183 | D:12     | 21183 ||| FLEEEEING.
 21184 | D:12     | 21184 ||| FLEEEEING.
 21185 | D:12     | 21185 ||| FLEEEEING.
 21187 | D:12     | 21187 ||| FLEEEEING.
 21188 | D:12     | 21188 ||| FLEEEEING.
 21228 | D:12     | Found a staircase to the Orcish Mines.
 21307 | D:12     | 21307 ||| READING scroll of acquirement.
 21307 | D:12     | 21307 ||| ACQUIRING +1 hat of Qutaf {rF+ Dex+4}
 21307 | D:12     | Acquired the +1 hat of Qutaf {rF+ Dex+4}
 21309 | D:12     | 21309 ||| UPGRADING to +1 hat of Qutaf {rF+ Dex+4}.
 21319 | D:12     | 21319 ||| DROPPING +2 hat.
 21333 | D:12     | 21333 ||| INVOKING Brothers in Arms.
 21334 | D:12     | 21334 ||| INVOKING Brothers in Arms.
 21336 | D:12     | 21336 ||| INVOKING Berserk.
 21527 | D:12     | Reached XP level 15. HP: 123/147 MP: 14/14
 21671 | D:12     | 21671 ||| Stepping ~*~*~tactically~*~*~ (hiding).
 21675 | D:12     | 21675 ||| INVOKING Berserk.
 21685 | D:12     | Reached skill level 15 in Armour
 21928 | D:12     | Found a runed translucent door.
 22042 | D:12     | 22042 ||| Stepping ~*~*~tactically~*~*~ (hiding).
 22043 | D:12     | 22043 ||| Stepping ~*~*~tactically~*~*~ (hiding).
 22046 | D:12     | 22046 ||| INVOKING Berserk.
 22326 | D:13     | 22326 ||| Stepping ~*~*~tactically~*~*~ (hiding).
 22327 | D:13     | 22327 ||| Stepping ~*~*~tactically~*~*~ (hiding).
 22331 | D:13     | 22331 ||| Stepping ~*~*~tactically~*~*~ (hiding).
 22338 | D:13     | 22338 ||| Stepping ~*~*~tactically~*~*~ (hiding).
 22650 | D:13     | 22650 ||| Stepping ~*~*~tactically~*~*~ (hiding).
 22700 | D:13     | Found an ancient bone altar of Kikubaaqudgha.
 22883 | D:13     | Reached skill level 18 in Fighting
 22924 | D:13     | 22924 ||| READING 16 scrolls of identify.
 22924 | D:13     | 22924 ||| IDENTIFYING grey potion
 22925 | D:13     | 22925 ||| DROPPING potion of invisibility.
 23044 | D:14     | 23044 ||| Stepping ~*~*~tactically~*~*~ (hiding).
 23046 | D:14     | 23046 ||| Stepping ~*~*~tactically~*~*~ (hiding).
 23071 | D:14     | 23071 ||| Stepping ~*~*~tactically~*~*~ (hiding).
 23237 | D:14     | 23237 ||| INVOKING Berserk.
 23386 | D:14     | 23386 ||| Stepping ~*~*~tactically~*~*~ (hiding).
 23392 | D:14     | 23392 ||| INVOKING Berserk.
 23582 | D:14     | 23582 ||| Stepping ~*~*~tactically~*~*~ (stealth).
 23598 | D:14     | 23598 ||| Stepping ~*~*~tactically~*~*~ (stealth).
 23636 | D:14     | 23636 ||| Stepping ~*~*~tactically~*~*~ (stealth).
 23640 | D:14     | 23640 ||| Stepping ~*~*~tactically~*~*~ (stealth).
 23661 | D:14     | 23661 ||| Stepping ~*~*~tactically~*~*~ (stealth).
 23680 | D:14     | Found a gate to the Vaults.
 23686 | D:14     | Identified the +7 halberd "Leamuk" {speed, rElec rPois
                  | Int+10}
 23739 | D:14     | 23739 ||| Stepping ~*~*~tactically~*~*~ (stealth).
 23742 | D:14     | 23742 ||| INVOKING Berserk.
 24043 | D:14     | Found a runed translucent door.
 24043 | D:14     | Noticed Axipewex's ghost (journeyman OgTm)
 24046 | D:14     | 24046 ||| UPGRADING to +2 tower shield.
 24051 | D:14     | 24051 ||| READING scroll labelled BUIPIY VU JEMM.
 24115 | D:14     | 24115 ||| DROPPING +0 mace.
 24172 | D:15     | Entered Level 15 of the Dungeon
 24283 | D:15     | Reached skill level 1 in Shields
 24343 | D:15     | 24343 ||| Stepping ~*~*~tactically~*~*~ (stealth).
 24367 | D:15     | Reached skill level 3 in Shields
 24474 | D:15     | 24474 ||| DROPPING +4 whip.
 24548 | D:15     | 24548 ||| Stepping ~*~*~tactically~*~*~ (hiding).
 24553 | D:15     | 24553 ||| INVOKING Berserk.
 24671 | D:15     | 24671 ||| Stepping ~*~*~tactically~*~*~ (stealth).
 24672 | D:15     | 24672 ||| INVOKING Berserk.
 24738 | D:15     | 24738 ||| Stepping ~*~*~tactically~*~*~ (hiding).
 24761 | D:15     | Found a staircase to the Depths.
 24762 | D:15     | 24762 ||| INVOKING Berserk.
 24767 | D:15     | Reached skill level 6 in Shields
 24919 | D:15     | 24919 ||| FLEEEEING.
 24939 | D:15     | 24939 ||| Stepping ~*~*~tactically~*~*~ (hiding).
 24947 | D:15     | 24947 ||| INVOKING Berserk.
 25100 | D:15     | 25100 ||| SWAPPING to +0 flail.
 25101 | D:15     | 25101 ||| INVOKING Berserk.
 25113 | D:15     | 25113 ||| SWAPPING to +3 broad axe of freezing.
 25215 | D:15     | Found a white marble altar of Elyvilon.
 25318 | D:15     | 25318 ||| Stepping ~*~*~tactically~*~*~ (hiding).
 25424 | D:15     | 25424 ||| PLANNING ORC
 25483 | D:12     | 25483 ||| Stepping ~*~*~tactically~*~*~ (stealth).
 25484 | D:12     | 25484 ||| Stepping ~*~*~tactically~*~*~ (stealth).
 25537 | D:12     | 25537 ||| Stepping ~*~*~tactically~*~*~ (stealth).
 25538 | D:12     | 25538 ||| Stepping ~*~*~tactically~*~*~ (stealth).
 25633 | Orc:1    | Entered Level 1 of the Orcish Mines
 25633 | Orc:1    | Noticed Jorgrun
 25633 | Orc:1    | Noticed an orc warlord
 25636 | Orc:1    | 25636 ||| INVOKING Berserk.
 25642 | Orc:1    | Killed Jorgrun
 25644 | Orc:1    | Killed an orc warlord
 25658 | Orc:1    | Noticed Erica
 25664 | Orc:1    | 25664 ||| INVOKING Brothers in Arms.
 25665 | Orc:1    | 25665 ||| INVOKING Brothers in Arms.
 25666 | Orc:1    | 25666 ||| INVOKING Brothers in Arms.
 25668 | Orc:1    | Killed Erica
 25903 | Orc:1    | 25903 ||| Stepping ~*~*~tactically~*~*~ (hiding).
 26096 | Orc:2    | Entered Level 2 of the Orcish Mines
 26096 | Orc:2    | Found a staircase to the Elven Halls.
 26098 | Orc:2    | 26098 ||| STAIRDANCE
 26252 | Orc:2    | 26252 ||| Stepping ~*~*~tactically~*~*~ (hiding).
 26261 | Orc:2    | Reached skill level 9 in Shields
 26308 | Orc:2    | Found a runed translucent door.
 26308 | Orc:2    | Found a shimmering altar of Xom.
 26308 | Orc:2    | Noticed qw's ghost (adept GrFi)
 26334 | Orc:2    | 26334 ||| Stepping ~*~*~tactically~*~*~ (stealth).
 26336 | Orc:2    | 26336 ||| Stepping ~*~*~tactically~*~*~ (stealth).
 26343 | Orc:2    | 26343 ||| INVOKING Berserk.
 26491 | Orc:2    | 26491 ||| INVOKING Brothers in Arms.
 26492 | Orc:2    | Found a gateway to a bazaar.
 26493 | Orc:2    | 26493 ||| PLANNING BAZAAR
 26494 | Orc:2    | 26494 ||| INVOKING Berserk.
 26503 | Orc:2    | Reached XP level 16. HP: 159/159 MP: 15/15
 26617 | Bazaar   | Entered a bazaar
 26637 | Bazaar   | Found Huidaf's Book Shoppe.
 26647 | Bazaar   | Found Wobearo's Jewellery Shoppe.
 26651 | Bazaar   | Found Kemahikh's Armour Shop.
 26655 | Bazaar   | 26655 ||| BUYING +4 ring of protection (576 gold).
 26655 | Bazaar   | Bought a +4 ring of protection for 576 gold pieces
 26655 | Bazaar   | 26655 ||| BUYING amulet of reflection (480 gold).
 26655 | Bazaar   | Bought an amulet of reflection for 480 gold pieces
 26655 | Bazaar   | 26655 ||| BUYING ring of poison resistance (320 gold).
 26655 | Bazaar   | Bought a ring of poison resistance for 320 gold pieces
 26658 | Bazaar   | Found Boeretoopn's Jewellery Shoppe.
 26669 | Bazaar   | 26669 ||| UPGRADING to amulet of reflection.
 26679 | Bazaar   | 26679 ||| DROPPING amulet of regeneration.
 26680 | Bazaar   | 26680 ||| DROPPING ring of see invisible.
 26681 | Bazaar   | 26681 ||| UPGRADING to +4 ring of protection.
 26683 | Bazaar   | 26683 ||| UPGRADING to ring of poison resistance.
 26685 | Bazaar   | 26685 ||| DROPPING +6 ring of strength.
 26719 | Orc:2    | 26719 ||| PLANNING ORC
 26809 | Orc:2    | 26809 ||| Stepping ~*~*~tactically~*~*~ (hiding).
 26950 | Orc:2    | 26950 ||| INVOKING Berserk.
 27141 | Orc:2    | 27141 ||| Stepping ~*~*~tactically~*~*~ (hiding).
 27145 | Orc:2    | 27145 ||| INVOKING Trog's Hand.
 27147 | Orc:2    | 27147 ||| INVOKING Berserk.
 27152 | Orc:2    | Found Oppyebru's Armour Shoppe.
 27183 | Orc:2    | 27183 ||| INVOKING Brothers in Arms.
 27317 | Orc:2    | 27317 ||| DROPPING +0 flail.
 27323 | Orc:2    | Found Ugiatwysm's Magic Scroll Shop.
 27327 | Orc:2    | 27327 ||| BUYING +1 pair of gloves (172 gold).
 27327 | Orc:2    | Bought a +1 pair of gloves for 172 gold pieces
 27330 | Orc:2    | 27330 ||| SHOPLISTING 3 scrolls of enchant weapon (315
                  | gold, have 2).
 27330 | Orc:2    | 27330 ||| SHOPLISTING 3 scrolls of teleportation (126 gold,
                  | have 2).
 27330 | Orc:2    | Found Egyrpheo's Book Shop.
 27332 | Orc:2    | Found Ipoun's Jewellery Shoppe.
 27341 | Orc:2    | 27341 ||| SHOPLISTING ring of poison resistance (280 gold,
                  | have 2).
 27544 | Orc:2    | 27544 ||| UPGRADING to +1 pair of gloves.
 27554 | Orc:2    | 27554 ||| DROPPING +0 pair of gloves.
 27590 | Orc:1    | 27590 ||| Stepping ~*~*~tactically~*~*~ (stealth).
 27800 | Orc:1    | 27800 ||| PLANNING SNAKE:1-3
 28027 | Snake:1  | Entered Level 1 of the Snake Pit
 28092 | Snake:1  | 28092 ||| Stepping ~*~*~tactically~*~*~ (hiding).
 28233 | Snake:1  | Found Seowkioq's Superior Scales.
 28234 | Snake:1  | 28234 ||| Stepping ~*~*~tactically~*~*~ (hiding).
 28389 | Snake:1  | 28389 ||| Stepping ~*~*~tactically~*~*~ (hiding).
 29252 | Snake:2  | Reached skill level 12 in Shields
 29324 | Snake:2  | Received a gift from Trog
 29346 | Snake:2  | 29346 ||| FLEEEEING.
 29347 | Snake:2  | 29347 ||| FLEEEEING.
 29444 | Snake:2  | 29444 ||| Stepping ~*~*~tactically~*~*~ (stealth).
 29457 | Snake:2  | 29457 ||| Stepping ~*~*~tactically~*~*~ (stealth).
 29502 | Snake:2  | 29502 ||| DROPPING +2 war axe.
 29544 | Snake:2  | 29544 ||| INVOKING Berserk.
 29846 | Snake:2  | 29846 ||| Stepping ~*~*~tactically~*~*~ (hiding).
 29849 | Snake:2  | 29849 ||| Stepping ~*~*~tactically~*~*~ (hiding).
 29861 | Snake:2  | 29861 ||| Stepping ~*~*~tactically~*~*~ (stealth).
 29958 | Snake:2  | Noticed Agnes
 29959 | Snake:2  | 29959 ||| INVOKING Brothers in Arms.
 29962 | Snake:2  | 29962 ||| INVOKING Berserk.
 29964 | Snake:2  | Killed Agnes
 30011 | Snake:2  | 30011 ||| FLEEEEING.
 30012 | Snake:2  | 30012 ||| FLEEEEING.
 30013 | Snake:2  | 30013 ||| FLEEEEING.
 30188 | Snake:2  | 30188 ||| Stepping ~*~*~tactically~*~*~ (hiding).
 30317 | Snake:2  | 30317 ||| Stepping ~*~*~tactically~*~*~ (stealth).
 30366 | Snake:2  | 30366 ||| INVOKING Berserk.
 30448 | Snake:2  | 30448 ||| FLEEEEING.
 30457 | Snake:2  | 30457 ||| FLEEEEING.
 30458 | Snake:2  | 30458 ||| FLEEEEING.
 30459 | Snake:2  | 30459 ||| FLEEEEING.
 30460 | Snake:2  | 30460 ||| FLEEEEING.
 30461 | Snake:2  | 30461 ||| FLEEEEING.
 30475 | Snake:2  | 30475 ||| FLEEEEING.
 30501 | Snake:2  | Reached skill level 15 in Shields
 30772 | Snake:2  | 30772 ||| Stepping ~*~*~tactically~*~*~ (hiding).
 30779 | Snake:2  | 30779 ||| Stepping ~*~*~tactically~*~*~ (stealth).
 30785 | Snake:2  | 30785 ||| INVOKING Berserk.
 30910 | Snake:2  | Found Idiywag's Jewellery Boutique.
 30939 | Snake:2  | 30939 ||| SHOPLISTING ring of the Hidden Allies {Ice Fly
                  | rElec rPois} (815 gold, have 235).
 31024 | Snake:2  | 31024 ||| DROPPING +1 pair of gloves.
 31025 | Snake:2  | 31025 ||| DRINKING 2 silvery potions.
 31026 | Snake:2  | 31026 ||| DROPPING potion of magic.
 31109 | Snake:3  | 31109 ||| INVOKING Berserk.
 31151 | Snake:3  | 31151 ||| STAIRDANCE
 31339 | Snake:3  | 31339 ||| INVOKING Berserk.
 31344 | Snake:3  | Received a gift from Trog
 31459 | Snake:3  | 31459 ||| DROPPING +2 war axe.
 31464 | Snake:3  | 31464 ||| INVOKING Berserk.
 31635 | Snake:3  | 31635 ||| INVOKING Berserk.
 31877 | Snake:3  | Identified the +1 pair of gloves of Nifucwi {Drain rPois
                  | Regen+}
 31894 | Snake:3  | 31894 ||| Stepping ~*~*~tactically~*~*~ (stealth).
 31908 | Snake:3  | Noticed Aizul
 31909 | Snake:3  | 31909 ||| Stepping ~*~*~tactically~*~*~ (hiding).
 31910 | Snake:3  | 31910 ||| INVOKING Trog's Hand.
 31911 | Snake:3  | 31911 ||| INVOKING Brothers in Arms.
 31913 | Snake:3  | 31913 ||| INVOKING Berserk.
 31916 | Snake:3  | Killed Aizul
 31917 | Snake:3  | Reached XP level 17. HP: 166/166 MP: 16/16
 31924 | Snake:3  | Noticed Asterion
 31938 | Snake:3  | Killed Asterion
 31972 | Snake:3  | 31972 ||| Stepping ~*~*~tactically~*~*~ (hiding).
 32064 | Snake:3  | 32064 ||| FLEEEEING.
 32262 | Snake:3  | 32262 ||| READING scroll of brand weapon.
 32262 | Snake:3  | 32262 ||| BRANDING +3 broad axe of freezing.
 32481 | Snake:3  | Noticed Vashnia
 32484 | Snake:3  | 32484 ||| INVOKING Berserk.
 32496 | Snake:3  | Killed Vashnia
 32982 | Snake:3  | 32982 ||| Stepping ~*~*~tactically~*~*~ (hiding).
 32985 | Snake:3  | 32985 ||| Stepping ~*~*~tactically~*~*~ (hiding).
 32999 | Snake:3  | Reached skill level 18 in Shields
 33090 | Snake:3  | 33090 ||| Stepping ~*~*~tactically~*~*~ (hiding).
 33302 | Snake:3  | 33302 ||| PLANNING SWAMP:1-3
 33302 | Snake:3  | 33302 ||| UPGRADING to +1 pair of gloves of Nifucwi {Drain
                  | rPois Regen+}.
 33312 | Snake:3  | 33312 ||| REMOVING ring of poison resistance.
 33313 | Snake:3  | 33313 ||| DROPPING +1 pair of gloves.
 33314 | Snake:3  | 33314 ||| UPGRADING to +0 tower shield of protection.
 33324 | Snake:3  | 33324 ||| DROPPING +2 tower shield.
 33325 | Snake:3  | 33325 ||| UPGRADING to +4 ring of protection.
 33350 | Snake:3  | 33350 ||| Stepping ~*~*~tactically~*~*~ (hiding).
 33557 | Swamp:1  | Entered Level 1 of the Swamp
 33565 | Swamp:1  | Noticed Mlioglotl
 33567 | Swamp:1  | 33567 ||| INVOKING Berserk.
 33581 | Swamp:1  | Killed Mlioglotl
 33716 | Swamp:1  | 33716 ||| INVOKING Berserk.
 33792 | Swamp:1  | 33792 ||| INVOKING Berserk.
 33930 | Swamp:1  | Noticed Louise
 33932 | Swamp:1  | 33932 ||| Stepping ~*~*~tactically~*~*~ (hiding).
 33933 | Swamp:1  | 33933 ||| INVOKING Trog's Hand.
 33955 | Swamp:1  | Killed Louise
 33975 | Swamp:1  | 33975 ||| SWAPPING to +1 war axe of flaming.
 33980 | Swamp:1  | 33980 ||| SWAPPING to +3 broad axe of protection.
 34434 | Swamp:2  | 34434 ||| Stepping ~*~*~tactically~*~*~ (water).
 34435 | Swamp:2  | 34435 ||| INVOKING Berserk.
 34590 | Swamp:2  | 34590 ||| Stepping ~*~*~tactically~*~*~ (stealth).
 34596 | Swamp:2  | 34596 ||| INVOKING Berserk.
 34613 | Swamp:2  | 34613 ||| Stepping ~*~*~tactically~*~*~ (water).
 34740 | Swamp:2  | 34740 ||| Stepping ~*~*~tactically~*~*~ (water).
 34976 | Swamp:2  | 34976 ||| INVOKING Berserk.
 35139 | Swamp:2  | 35139 ||| SWAPPING to +1 war axe of flaming.
 35147 | Swamp:2  | 35147 ||| SWAPPING to +3 broad axe of protection.
 35188 | Swamp:2  | 35188 ||| Stepping ~*~*~tactically~*~*~ (cloud).
 35358 | Swamp:3  | 35358 ||| SWAPPING to +1 war axe of flaming.
 35366 | Swamp:3  | 35366 ||| SWAPPING to +3 broad axe of protection.
 35419 | Swamp:3  | 35419 ||| SWAPPING to +1 war axe of flaming.
 35422 | Swamp:3  | 35422 ||| SWAPPING to +3 broad axe of protection.
 35426 | Swamp:3  | 35426 ||| INVOKING Trog's Hand.
 35429 | Swamp:3  | 35429 ||| INVOKING Berserk.
 35598 | Swamp:3  | 35598 ||| FLEEEEING.
 35599 | Swamp:3  | 35599 ||| FLEEEEING.
 35600 | Swamp:3  | 35600 ||| FLEEEEING.
 35663 | Swamp:3  | 35663 ||| SWAPPING to +1 war axe of flaming.
 35671 | Swamp:3  | 35671 ||| SWAPPING to +3 broad axe of protection.
 35753 | Swamp:3  | Identified the +2 kite shield of Xom, Teaching {Int+6}
 35843 | Swamp:3  | 35843 ||| SWAPPING to +1 war axe of flaming.
 35844 | Swamp:3  | 35844 ||| Stepping ~*~*~tactically~*~*~ (water).
 35849 | Swamp:3  | 35849 ||| SWAPPING to +3 broad axe of protection.
 35933 | Swamp:3  | Reached skill level 19 in Fighting
 36104 | Swamp:3  | 36104 ||| INVOKING Trog's Hand.
 36105 | Swamp:3  | 36105 ||| INVOKING Berserk.
 36284 | Swamp:3  | 36284 ||| PLANNING SNAKE:4
 36516 | Snake:4  | Entered Level 4 of the Snake Pit
 36520 | Snake:4  | 36520 ||| Stepping ~*~*~tactically~*~*~ (stealth).
 36522 | Snake:4  | 36522 ||| Stepping ~*~*~tactically~*~*~ (hiding).
 36523 | Snake:4  | 36523 ||| Stepping ~*~*~tactically~*~*~ (hiding).
 36716 | Snake:4  | 36716 ||| INVOKING Berserk.
 36744 | Snake:4  | 36744 ||| INVOKING Brothers in Arms.
 36744 | Snake:4  | HP: 37/168 [naga mage/+0 spear (7)]
 36745 | Snake:4  | 36745 ||| READING 18 scrolls of teleportation.
 36746 | Snake:4  | Noticed a quicksilver dragon
 36746 | Snake:4  | 36746 ||| DRINKING 4 potions of heal wounds.
 36747 | Snake:4  | 36747 ||| DRINKING 3 potions of heal wounds.
 36922 | Snake:4  | 36922 ||| Stepping ~*~*~tactically~*~*~ (hiding).
 36931 | Snake:4  | 36931 ||| Stepping ~*~*~tactically~*~*~ (hiding).
 36939 | Snake:4  | Reached XP level 18. HP: 176/176 MP: 17/17
 36939 | Snake:4  | 36939 ||| Stepping ~*~*~tactically~*~*~ (hiding).
 36955 | Snake:4  | 36955 ||| Stepping ~*~*~tactically~*~*~ (hiding).
 36987 | Snake:4  | 36987 ||| DROPPING +1 war axe of flaming.
 36996 | Snake:4  | 36996 ||| Stepping ~*~*~tactically~*~*~ (stealth).
 37013 | Snake:4  | 37013 ||| INVOKING Berserk.
 37032 | Snake:4  | Received a gift from Trog
 37033 | Snake:4  | Reached skill level 12 in Dodging
 37103 | Snake:4  | 37103 ||| INVOKING Berserk.
 37132 | Snake:4  | 37132 ||| Stepping ~*~*~tactically~*~*~ (stealth).
 37133 | Snake:4  | 37133 ||| Stepping ~*~*~tactically~*~*~ (stealth).
 37136 | Snake:4  | 37136 ||| INVOKING Brothers in Arms.
 37228 | Snake:4  | 37228 ||| INVOKING Berserk.
 37249 | Snake:4  | 37249 ||| INVOKING Brothers in Arms.
 37360 | Snake:4  | 37360 ||| INVOKING Berserk.
 37383 | Snake:4  | Reached skill level 20 in Fighting
 37386 | Snake:4  | 37386 ||| INVOKING Brothers in Arms.
 37763 | Snake:4  | Got a serpentine rune of Zot
 38063 | Snake:4  | 38063 ||| PLANNING VAULTS:1-4
 38364 | Vaults:1 | Entered Level 1 of the Vaults
 38507 | Vaults:1 | 38507 ||| INVOKING Brothers in Arms.
 38508 | Vaults:1 | 38508 ||| DRINKING 2 potions of resistance.
 38510 | Vaults:1 | 38510 ||| INVOKING Trog's Hand.
 38511 | Vaults:1 | 38511 ||| INVOKING Berserk.
 38727 | Vaults:1 | Reached skill level 18 in Armour
 38747 | Vaults:1 | Noticed Saint Roka
 38747 | Vaults:1 | 38747 ||| INVOKING Trog's Hand.
 38750 | Vaults:1 | 38750 ||| INVOKING Berserk.
 38767 | Vaults:1 | Killed Saint Roka
 38775 | Vaults:1 | 38775 ||| INVOKING Brothers in Arms.
 38779 | Vaults:1 | Reached skill level 21 in Shields
 38971 | Vaults:1 | 38971 ||| Stepping ~*~*~tactically~*~*~ (hiding).
 38972 | Vaults:1 | 38972 ||| Stepping ~*~*~tactically~*~*~ (hiding).
 38973 | Vaults:1 | 38973 ||| Stepping ~*~*~tactically~*~*~ (hiding).
 38974 | Vaults:1 | 38974 ||| Stepping ~*~*~tactically~*~*~ (hiding).
 38975 | Vaults:1 | 38975 ||| Stepping ~*~*~tactically~*~*~ (hiding).
 39070 | Vaults:1 | 39070 ||| Stepping ~*~*~tactically~*~*~ (stealth).
 39072 | Vaults:1 | 39072 ||| Stepping ~*~*~tactically~*~*~ (stealth).
 39073 | Vaults:1 | 39073 ||| Stepping ~*~*~tactically~*~*~ (stealth).
 39074 | Vaults:1 | 39074 ||| Stepping ~*~*~tactically~*~*~ (stealth).
 39085 | Vaults:1 | 39085 ||| Stepping ~*~*~tactically~*~*~ (hiding).
 39088 | Vaults:1 | 39088 ||| INVOKING Trog's Hand.
 39125 | Vaults:1 | 39125 ||| Stepping ~*~*~tactically~*~*~ (stealth).
 39158 | Vaults:1 | 39158 ||| INVOKING Trog's Hand.
 39162 | Vaults:1 | 39162 ||| INVOKING Berserk.
 39184 | Vaults:1 | 39184 ||| INVOKING Brothers in Arms.
 39211 | Vaults:1 | 39211 ||| INVOKING Brothers in Arms.
 39212 | Vaults:1 | 39212 ||| INVOKING Brothers in Arms.
 39213 | Vaults:1 | 39213 ||| INVOKING Brothers in Arms.
 39221 | Vaults:1 | 39221 ||| INVOKING Brothers in Arms.
 39223 | Vaults:1 | Reached skill level 21 in Fighting
 39244 | Vaults:1 | 39244 ||| INVOKING Berserk.
 39370 | Vaults:1 | 39370 ||| INVOKING Berserk.
 39385 | Vaults:1 | Found the +5 glaive of the Guard {elec, spectral, AC+5}
 39392 | Vaults:1 | 39392 ||| Stepping ~*~*~tactically~*~*~ (hiding).
 39601 | Vaults:1 | 39601 ||| Stepping ~*~*~tactically~*~*~ (hiding).
 39602 | Vaults:1 | 39602 ||| Stepping ~*~*~tactically~*~*~ (hiding).
 39777 | Vaults:1 | 39777 ||| Stepping ~*~*~tactically~*~*~ (stealth).
 39778 | Vaults:1 | 39778 ||| INVOKING Trog's Hand.
 39779 | Vaults:1 | 39779 ||| Stepping ~*~*~tactically~*~*~ (hiding).
 39780 | Vaults:1 | 39780 ||| Stepping ~*~*~tactically~*~*~ (hiding).
 39786 | Vaults:1 | Reached XP level 19. HP: 185/189 MP: 18/18
 39796 | Vaults:1 | 39796 ||| INVOKING Berserk.
 39814 | Vaults:1 | HP: 66/283 [tengu reaver/bolt of acid (20)]
 39819 | Vaults:1 | 39819 ||| READING 19 scrolls of teleportation.
 39819 | Vaults:1 | HP: 42/189 [tengu reaver/+3 long sword (5)]
 39820 | Vaults:1 | 39820 ||| DRINKING 2 potions of heal wounds.
 39952 | Vaults:1 | 39952 ||| Stepping ~*~*~tactically~*~*~ (hiding).
 39954 | Vaults:1 | 39954 ||| Stepping ~*~*~tactically~*~*~ (hiding).
 39959 | Vaults:1 | 39959 ||| Stepping ~*~*~tactically~*~*~ (hiding).
 39960 | Vaults:1 | 39960 ||| Stepping ~*~*~tactically~*~*~ (hiding).
 39964 | Vaults:1 | 39964 ||| Stepping ~*~*~tactically~*~*~ (hiding).
 39976 | Vaults:1 | Received a gift from Trog
 39992 | Vaults:1 | 39992 ||| Stepping ~*~*~tactically~*~*~ (stealth).
 39993 | Vaults:1 | 39993 ||| Stepping ~*~*~tactically~*~*~ (stealth).
 39996 | Vaults:1 | 39996 ||| Stepping ~*~*~tactically~*~*~ (stealth).
 39998 | Vaults:1 | 39998 ||| Stepping ~*~*~tactically~*~*~ (stealth).
 40006 | Vaults:1 | 40006 ||| INVOKING Berserk.
 40347 | Vaults:1 | 40347 ||| INVOKING Berserk.
 40533 | Vaults:1 | 40533 ||| UPGRADING to scarf of resistance.
 40572 | Vaults:1 | 40572 ||| INVOKING Trog's Hand.
 40583 | Vaults:1 | 40583 ||| INVOKING Trog's Hand.
 40650 | Vaults:2 | 40650 ||| DRINKING potion of resistance.
 40653 | Vaults:2 | Noticed Donald
 40654 | Vaults:2 | 40654 ||| INVOKING Brothers in Arms.
 40655 | Vaults:2 | 40655 ||| INVOKING Brothers in Arms.
 40658 | Vaults:2 | 40658 ||| INVOKING Berserk.
 40663 | Vaults:2 | Killed Donald
 40863 | Vaults:2 | 40863 ||| Stepping ~*~*~tactically~*~*~ (hiding).
 40864 | Vaults:2 | 40864 ||| INVOKING Trog's Hand.
 40928 | Vaults:2 | 40928 ||| Stepping ~*~*~tactically~*~*~ (stealth).
 40929 | Vaults:2 | 40929 ||| Stepping ~*~*~tactically~*~*~ (stealth).
 41001 | Vaults:2 | Noticed a bone dragon
 41034 | Vaults:2 | Killed a bone dragon
 41051 | Vaults:2 | Found a staircase to the Crypt.
 41080 | Vaults:2 | 41080 ||| READING scroll of brand weapon.
 41080 | Vaults:2 | 41080 ||| BRANDING +3 broad axe of protection.
 41087 | Vaults:2 | 41087 ||| INVOKING Trog's Hand.
 41130 | Vaults:2 | 41130 ||| Stepping ~*~*~tactically~*~*~ (hiding).
 41133 | Vaults:2 | 41133 ||| INVOKING Trog's Hand.
 41232 | Vaults:2 | 41232 ||| FLEEEEING.
 41234 | Vaults:2 | 41234 ||| INVOKING Berserk.
 41722 | Vaults:2 | 41722 ||| Stepping ~*~*~tactically~*~*~ (hiding).
 41869 | Vaults:2 | Found Faosun's Armour Emporium.
 41871 | Vaults:2 | Identified the +1 battleaxe "Ynamel" {freeze, rC+}
 41877 | Vaults:2 | 41877 ||| SHOPLISTING +8 orange crystal plate armour
                  | {Archmagi, Int+3 Clar} (3034 gold, have 1001).
 41936 | Vaults:2 | 41936 ||| INVOKING Trog's Hand.
 42019 | Vaults:2 | 42019 ||| Stepping ~*~*~tactically~*~*~ (stealth).
 42038 | Vaults:2 | Reached skill level 22 in Fighting
 42114 | Vaults:2 | You fall into a shaft and drop 1 floor!
 42120 | Vaults:3 | 42120 ||| INVOKING Trog's Hand.
 42121 | Vaults:3 | 42121 ||| INVOKING Berserk.
 42160 | Vaults:3 | 42160 ||| Stepping ~*~*~tactically~*~*~ (stealth).
 42177 | Vaults:3 | 42177 ||| Stepping ~*~*~tactically~*~*~ (stealth).
 42182 | Vaults:3 | 42182 ||| Stepping ~*~*~tactically~*~*~ (hiding).
 42194 | Vaults:3 | 42194 ||| Stepping ~*~*~tactically~*~*~ (stealth).
 42197 | Vaults:3 | 42197 ||| Stepping ~*~*~tactically~*~*~ (stealth).
 42252 | Vaults:3 | 42252 ||| Stepping ~*~*~tactically~*~*~ (stealth).
 42268 | Vaults:3 | 42268 ||| Stepping ~*~*~tactically~*~*~ (hiding).
 42272 | Vaults:3 | 42272 ||| INVOKING Trog's Hand.
 42427 | Vaults:3 | 42427 ||| DROPPING ring of resist corrosion.
 42565 | Vaults:2 | 42565 ||| Stepping ~*~*~tactically~*~*~ (stealth).
 42569 | Vaults:2 | 42569 ||| Stepping ~*~*~tactically~*~*~ (stealth).
 42601 | Vaults:2 | 42601 ||| Stepping ~*~*~tactically~*~*~ (stealth).
 42605 | Vaults:2 | 42605 ||| Stepping ~*~*~tactically~*~*~ (hiding).
 42607 | Vaults:2 | 42607 ||| INVOKING Trog's Hand.
 42729 | Vaults:3 | 42729 ||| INVOKING Trog's Hand.
 42730 | Vaults:3 | 42730 ||| INVOKING Berserk.
 42897 | Vaults:3 | 42897 ||| INVOKING Trog's Hand.
 42999 | Vaults:3 | 42999 ||| Stepping ~*~*~tactically~*~*~ (stealth).
 43003 | Vaults:3 | 43003 ||| INVOKING Trog's Hand.
 43028 | Vaults:3 | 43028 ||| INVOKING Trog's Hand.
 43045 | Vaults:3 | Reached XP level 20. HP: 200/200 MP: 19/19
 43168 | Vaults:3 | 43168 ||| READING scroll of brand weapon.
 43168 | Vaults:3 | 43168 ||| BRANDING +3 broad axe of freezing.
 43173 | Vaults:3 | 43173 ||| Stepping ~*~*~tactically~*~*~ (stealth).
 43365 | Vaults:3 | 43365 ||| Stepping ~*~*~tactically~*~*~ (stealth).
 43367 | Vaults:3 | 43367 ||| Stepping ~*~*~tactically~*~*~ (hiding).
 43370 | Vaults:3 | 43370 ||| INVOKING Trog's Hand.
 43471 | Vaults:3 | Found the +9 heavy crossbow "Sniper" {vorpal, Acc+∞ SInv}
 43607 | Vaults:3 | 43607 ||| INVOKING Trog's Hand.
 43788 | Vaults:4 | 43788 ||| INVOKING Trog's Hand.
 43868 | Vaults:4 | Reached skill level 23 in Fighting
 43935 | Vaults:4 | 43935 ||| Stepping ~*~*~tactically~*~*~ (stealth).
 43937 | Vaults:4 | 43937 ||| Stepping ~*~*~tactically~*~*~ (hiding).
 43943 | Vaults:4 | 43943 ||| INVOKING Trog's Hand.
 43973 | Vaults:4 | Received a gift from Trog
 44041 | Vaults:4 | 44041 ||| DRINKING 14 potions of curing.
 44041 | Vaults:4 | 44041 ||| (to cure confusion)
 44042 | Vaults:4 | 44042 ||| INVOKING Trog's Hand.
 44151 | Vaults:4 | 44151 ||| Stepping ~*~*~tactically~*~*~ (stealth).
 44155 | Vaults:4 | 44155 ||| Stepping ~*~*~tactically~*~*~ (stealth).
 44156 | Vaults:4 | 44156 ||| Stepping ~*~*~tactically~*~*~ (stealth).
 44306 | Vaults:4 | 44306 ||| Stepping ~*~*~tactically~*~*~ (stealth).
 44315 | Vaults:4 | 44315 ||| Stepping ~*~*~tactically~*~*~ (stealth).
 44322 | Vaults:4 | Reached skill level 15 in Dodging
 44371 | Vaults:4 | 44371 ||| READING scroll of brand weapon.
 44371 | Vaults:4 | 44371 ||| BRANDING +3 broad axe of draining.
 44373 | Vaults:4 | 44373 ||| INVOKING Trog's Hand.
 44457 | Vaults:4 | 44457 ||| INVOKING Trog's Hand.
 44712 | Vaults:4 | 44712 ||| INVOKING Trog's Hand.
 44730 | Vaults:4 | 44730 ||| Stepping ~*~*~tactically~*~*~ (hiding).
 44838 | Vaults:4 | 44838 ||| PLANNING SWAMP:4
 45272 | Swamp:4  | Entered Level 4 of the Swamp
 45273 | Swamp:4  | 45273 ||| Stepping ~*~*~tactically~*~*~ (hiding).
 45440 | Swamp:4  | 45440 ||| Stepping ~*~*~tactically~*~*~ (hiding).
 45444 | Swamp:4  | Reached skill level 21 in Armour
 45445 | Swamp:4  | 45445 ||| Stepping ~*~*~tactically~*~*~ (hiding).
 45464 | Swamp:4  | Noticed Nikola
 45488 | Swamp:4  | Killed Nikola
 45499 | Swamp:4  | 45499 ||| Stepping ~*~*~tactically~*~*~ (water).
 45518 | Swamp:4  | 45518 ||| INVOKING Berserk.
 45542 | Swamp:4  | 45542 ||| INVOKING Brothers in Arms.
 45550 | Swamp:4  | 45550 ||| Stepping ~*~*~tactically~*~*~ (water).
 45566 | Swamp:4  | 45566 ||| INVOKING Brothers in Arms.
 45608 | Swamp:4  | 45608 ||| Stepping ~*~*~tactically~*~*~ (stealth).
 45611 | Swamp:4  | 45611 ||| Stepping ~*~*~tactically~*~*~ (stealth).
 45625 | Swamp:4  | 45625 ||| FLEEEEING.
 45626 | Swamp:4  | 45626 ||| FLEEEEING.
 45627 | Swamp:4  | 45627 ||| FLEEEEING.
 45630 | Swamp:4  | 45630 ||| FLEEEEING.
 45642 | Swamp:4  | 45642 ||| Stepping ~*~*~tactically~*~*~ (water).
 45727 | Swamp:4  | 45727 ||| Stepping ~*~*~tactically~*~*~ (stealth).
 45768 | Swamp:4  | Got a decaying rune of Zot
 45878 | Swamp:4  | 45878 ||| Stepping ~*~*~tactically~*~*~ (cloud).
 46148 | Swamp:4  | Reached skill level 24 in Fighting
 46285 | Swamp:4  | 46285 ||| PLANNING DEPTHS
 46285 | Swamp:4  | 46285 ||| DROPPING +0 hat "Doary" {*Corrode rPois Will+++
                  | Slay-3}.
 46286 | Swamp:4  | 46286 ||| DROPPING +6 ring of intelligence.
 46287 | Swamp:4  | 46287 ||| DROPPING ring of poison resistance.
 46666 | Depths:1 | Entered Level 1 of the Depths
 46677 | Depths:1 | Received a gift from Trog
 46692 | Depths:1 | 46692 ||| DROPPING +2 vorpal broad axe.
 46702 | Depths:1 | 46702 ||| READING 20 scrolls of teleportation.
 46706 | Depths:1 | 46706 ||| INVOKING Brothers in Arms.
 46707 | Depths:1 | 46707 ||| INVOKING Berserk.
 46733 | Depths:1 | 46733 ||| INVOKING Brothers in Arms.
 46736 | Depths:1 | 46736 ||| INVOKING Trog's Hand.
 46741 | Depths:1 | 46741 ||| INVOKING Brothers in Arms.
 46744 | Depths:1 | Reached XP level 21. HP: 149/214 MP: 20/20
 46749 | Depths:1 | Reached skill level 9 in Throwing
 46815 | Depths:1 | 46815 ||| INVOKING Brothers in Arms.
 46828 | Depths:1 | Identified the +9 mace "Irifruic" {vorpal, rElec rCorr
                  | Dex-5}
 46834 | Depths:1 | 46834 ||| INVOKING Trog's Hand.
 46837 | Depths:1 | 46837 ||| INVOKING Berserk.
 46892 | Depths:1 | 46892 ||| Stepping ~*~*~tactically~*~*~ (stealth).
 46894 | Depths:1 | 46894 ||| INVOKING Trog's Hand.
 46898 | Depths:1 | 46898 ||| Stepping ~*~*~tactically~*~*~ (stealth).
 46992 | Depths:1 | 46992 ||| INVOKING Trog's Hand.
 47027 | Depths:1 | 47027 ||| Stepping ~*~*~tactically~*~*~ (hiding).
 47063 | Depths:1 | Found a one-way gate to the infinite horrors of the Abyss.
 47064 | Depths:1 | 47064 ||| Stepping ~*~*~tactically~*~*~ (hiding).
 47082 | Depths:1 | 47082 ||| INVOKING Berserk.
 47146 | Depths:1 | Found a gateway to Hell.
 47216 | Depths:1 | Noticed a golden dragon
 47217 | Depths:1 | 47217 ||| Stepping ~*~*~tactically~*~*~ (hiding).
 47223 | Depths:1 | 47223 ||| INVOKING Berserk.
 47230 | Depths:1 | Killed a golden dragon
 47245 | Depths:1 | Noticed a golden dragon
 47475 | Depths:1 | 47475 ||| Stepping ~*~*~tactically~*~*~ (stealth).
 47481 | Depths:1 | 47481 ||| Stepping ~*~*~tactically~*~*~ (stealth).
 47484 | Depths:1 | 47484 ||| Stepping ~*~*~tactically~*~*~ (stealth).
 47485 | Depths:1 | 47485 ||| Stepping ~*~*~tactically~*~*~ (stealth).
 47486 | Depths:1 | 47486 ||| Stepping ~*~*~tactically~*~*~ (stealth).
 47772 | Depths:2 | 47772 ||| READING scroll of enchant weapon.
 47772 | Depths:2 | 47772 ||| ENCHANTING +3 broad axe of venom.
 47779 | Depths:2 | 47779 ||| Stepping ~*~*~tactically~*~*~ (hiding).
 47898 | Depths:2 | 47898 ||| INVOKING Brothers in Arms.
 47900 | Depths:2 | 47900 ||| INVOKING Berserk.
 48038 | Depths:2 | 48038 ||| INVOKING Berserk.
 48174 | Depths:2 | 48174 ||| INVOKING Trog's Hand.
 48176 | Depths:2 | 48176 ||| INVOKING Berserk.
 48397 | Depths:2 | You fall into a shaft and drop 2 floors!
 48397 | Depths:4 | Entered Level 4 of the Depths
 48459 | Depths:4 | 48459 ||| Stepping ~*~*~tactically~*~*~ (stealth).
 48492 | Depths:4 | 48492 ||| Stepping ~*~*~tactically~*~*~ (hiding).
 48519 | Depths:4 | 48519 ||| INVOKING Berserk.
 48540 | Depths:4 | 48540 ||| Stepping ~*~*~tactically~*~*~ (hiding).
 48541 | Depths:4 | 48541 ||| Stepping ~*~*~tactically~*~*~ (hiding).
 48560 | Depths:4 | 48560 ||| DRINKING 2 potions of cancellation.
 48586 | Depths:4 | 48586 ||| INVOKING Berserk.
 48605 | Depths:4 | Noticed a golden dragon
 48606 | Depths:4 | 48606 ||| INVOKING Brothers in Arms.
 48607 | Depths:4 | 48607 ||| INVOKING Brothers in Arms.
 48611 | Depths:4 | Killed a golden dragon
 48744 | Depths:3 | 48744 ||| INVOKING Berserk.
 48769 | Depths:3 | Reached skill level 25 in Fighting
 48825 | Depths:3 | 48825 ||| INVOKING Trog's Hand.
 48848 | Depths:3 | 48848 ||| Stepping ~*~*~tactically~*~*~ (stealth).
 48887 | Depths:2 | 48887 ||| INVOKING Brothers in Arms.
 48890 | Depths:2 | 48890 ||| INVOKING Berserk.
 48916 | Depths:2 | 48916 ||| FLEEEEING.
 48917 | Depths:2 | 48917 ||| FLEEEEING.
 48918 | Depths:2 | 48918 ||| FLEEEEING.
 48922 | Depths:2 | 48922 ||| FLEEEEING.
 48935 | Depths:2 | 48935 ||| Stepping ~*~*~tactically~*~*~ (stealth).
 49058 | Depths:2 | Found a one-way gate leading to the halls of Pandemonium.
 49201 | Depths:2 | 49201 ||| INVOKING Brothers in Arms.
 49202 | Depths:2 | 49202 ||| INVOKING Brothers in Arms.
 49203 | Depths:2 | 49203 ||| INVOKING Brothers in Arms.
 49205 | Depths:2 | 49205 ||| INVOKING Berserk.
 49477 | Depths:3 | 49477 ||| Stepping ~*~*~tactically~*~*~ (hiding).
 49479 | Depths:3 | Noticed a caustic shrike
 49484 | Depths:3 | 49484 ||| Stepping ~*~*~tactically~*~*~ (hiding).
 49485 | Depths:3 | 49485 ||| INVOKING Berserk.
 49490 | Depths:3 | Killed a caustic shrike
 49503 | Depths:3 | Reached skill level 12 in Throwing
 49508 | Depths:3 | Noticed a caustic shrike
 49512 | Depths:3 | 49512 ||| Stepping ~*~*~tactically~*~*~ (cloud).
 49522 | Depths:3 | 49522 ||| DRINKING potion of cancellation.
 49540 | Depths:3 | HP: 51/217 [acid (5)]
 49541 | Depths:3 | HP: 23/217 [fire dragon (6)]
 49542 | Depths:3 | HP: 8/217 [caustic shrike (5)]
 49542 | Depths:3 | Slain by a dire elephant

Levels and vault maps discovered:
D:1:      elethiomel_arrival_infinity_welcomes_careful_drivers,
          layout_loops_cross, basic_ecumenical_altar, kennysheep_pointless_box
D:2:      layout_rooms, basic_altar, uniq_robin, uniq_sigmund
D:3:      layout_loops_ring, gup_sewer_entry_pipe
D:4:      layout_loops_ring, serial_rivers, chequers_serial_rivers_marsh,
          chequers_serial_rivers_micro_c, chequers_serial_rivers_micro_a,
          chequers_serial_rivers_micro_a, chequers_serial_rivers_small_a,
          lightli_ossuary_entry_decrepit_ruins, grunt_ministairs_10,
          minmay_door_square, minmay_three_crescents, uniq_edmund, uniq_grinder
D:5:      layout_loops_ring, minmay_temple_entry_junction, water_boxes_lemuel
D:6:      layout_rooms, mainiacjoe_overflow_chevrons, grunt_qazlal_sundering,
          minmay_holes, nicolae_shop_vocational
D:7:      layout_cave_pods, gammafunk_temple_overflow_forgotten
D:8:      layout_loops_cross, lair_entry_dummy, st_stairs_7, roderic_batcave,
          uniq_grum
D:9:      layout_irregular_city
D:10:     minmay_the_grid_square_5x5_3x3
          [minmay_the_grid_square_5x5_fancy_junction,
          minmay_the_grid_square_5x5_hollow_slash,
          minmay_the_grid_square_5x5_two_walls_b,
          minmay_the_grid_square_5x5_one_wall,
          minmay_the_grid_square_5x5_megaprize_checkered,
          minmay_the_grid_square_5x5_minivault,
          minmay_the_grid_square_5x5_two_walls_a, minmay_the_grid_square_5x5_n,
          minmay_the_grid_square_5x5_three_walls], layout_loops_corners,
          kennysheep_okawaru_gauntlet, nicolae_shop_overcharged_wands
D:11:     layout_basic, kennysheep_just_a_vault
D:12:     minmay_box_of_curves, layout_cave_pools, david_orc_4,
          lightli_church_of_beogh, uniq_kirke, uniq_fannar, uniq_nergalle
D:13:     layout_long_grid, kiku_gazebo_pond_becter
D:14:     layout_basic, erik_vaults_1, ebering_ghost_inner_flame,
          nrook_pool_corridor, hangedman_decor_slide_cut
D:15:     grunt_enter_depths_snipers, layout_rooms, elyvilon_altar_5
Lair:1:   dreamdust_cave_troll, layout_hall_layers, lemuel_fruit_tree,
          infiniplex_staircase_pool, uniq_gastronok, uniq_maggie
Lair:2:   nzn_winding_woodlands_huge [nzn_winding_woodlands_5x15_sidewinder,
          nzn_winding_woodlands_5x15_jagged, nzn_winding_woodlands_5x15_eye,
          nzn_winding_woodlands_5x15_longhouse,
          nzn_winding_woodlands_5x15_cabin,
          nzn_winding_woodlands_5x15_river_crossing,
          nzn_winding_woodlands_5x15_default,
          nzn_winding_woodlands_5x15_split_checker,
          nzn_winding_woodlands_5x15_twine,
          nzn_winding_woodlands_5x15_pathside_ponds,
          nzn_winding_woodlands_center_diamonds,
          nzn_winding_woodlands_center_pierced_h,
          nzn_winding_woodlands_15x15_thick_spiral], layout_chaotic_city,
          palyth_hydra_swamp_entry, gauntlet_entry_generic, uniq_harold
Lair:3:   layout_cave_pods, dummy_snake_entry, chequers_serial_rivers_small_a
Lair:4:   layout_loops_ring
Lair:5:   grunt_lair_end_beastmaster, layout_regular_city,
          dpeg_slime_entry_enclosed, serial_rivers,
          chequers_serial_rivers_small_3, chequers_serial_rivers_micro_c,
          chequers_serial_rivers_large_b, chequers_serial_rivers_micro_a,
          chequers_serial_rivers_small_b, chequers_serial_rivers_large_a,
          portal_ice_cave_entry_pillars_1, minivault_19
Swamp:1:  layout_basic_swamp, evilmike_swamp_ruin_rubble_1, uniq_louise,
          uniq_mlioglotl
Swamp:2:  layout_basic_swamp, evilmike_swamp_ruin_house_2, swamp_pool1
Swamp:3:  layout_basic_swamp, evilmike_swamp_ruin_rubble_2
Swamp:4:  swamp_basic_johnstein, layout_basic_swamp, uniq_nikola
Snake:1:  layout_chambers, hellmonk_scale_shop
Snake:2:  nicolae_snake_hallway, layout_onion_interference,
          nicolae_triple_integral, minmay_shop_star, uniq_agnes
Snake:3:  layout_cave_shapes, evilmike_ambush [evilmike_ambush_outer_doors,
          evilmike_ambush_inner_basic], uniq_aizul, uniq_vashnia, uniq_asterion
Snake:4:  hellmonk_snake_rune_quicksilver_temple, layout_cave_town,
          nicolae_snake_magic_snake_eye
Orc:1:    layout_diamond_mine, uniq_jorgrun, uniq_erica
Orc:2:    st_orc_elflike, layout_caves, ebering_ghost_xom, serial_shops,
          statue_bzr
Vaults:1: nicolae_vaults_specimen_jars, minmay_guarded_unrand_guard_vaults,
          vaults_dpeg_encased_lava, ontoclasm_vaults_gateway,
          hangedman_vaults_stream, v_alt_pattern_2,
          nicolae_vaults_ring_of_whatevers, nicolae_vaults_border_crossing,
          nicolae_vaults_diagonal_hallway_7, nicolae_vaults_alarming,
          layout_vaults_omnibox, uniq_saint_roka
Vaults:2: vaults_dpeg_hooks, hangedman_vaults_restitches, vaults_room_boxed,
          grunt_vaults_focal, nicolae_vaults_ring_of_whatevers, v_misc_3,
          layout_vaults_omnigrid, minmay_crypt_entry_nasty_monster,
          serial_shops, shop, uniq_donald
Vaults:3: v_misc_11, v_rooms_6, ontoclasm_vaults_pinch, v_misc_29,
          nicolae_vaults_windows_and_doors_thing, v_misc_15, v_misc_8,
          vaults_dpeg_emergency_exit, nicolae_vaults_yaktaur_gun_rack,
          hangedman_vaults_pinch, vaults_dpeg_doors, dpeg_vaults_hating_casters,
          serial_ice_g, layout_vaults_maze_snakey
Vaults:4: v_misc_5, ontoclasm_vaults_twist, nicolae_vaults_three_branches,
          grunt_vaults_hallway_short, v_misc_15, ontoclasm_vaults_fault,
          v_misc_30, vaults_room_fours, hangedman_vaults_maws, v_misc_10,
          layout_vaults_omnicross
Depths:1: layout_long_grid, hell_entry, abyss_entry, minivault_11, drop_trap,
          hangedman_decor_peaks_small, minmay_mirror_moons_of_madness
Depths:2: kennysheep_six_static_rooms, layout_cave_pools, abyss_entry,
          hangedman_coc_ice_floe, rand_demon_pan_entry_1
Depths:3: hangedman_hanging_gardens, layout_basic, enter_ziggurat_f,
          abyss_entry, hell_entry, eino_curves_02
Depths:4: grunt_zot_entry_alcove, layout_basic, roderic_filled_cross,
          serial_shops, shop_statue, serial_curves, eino_curves_01,
          eino_curves_04, eino_curves_01, eino_curves_03, hell_entry

Skill      XL: |  1  2  3  4  5  6  7  8  9 10 11 12 13 14 15 16 17 18 19 20 21 |
---------------+----------------------------------------------------------------+-----
Axes           | 4 5 7 8 9 10 12 14 16 18 | 18.0
Fighting       | 4 6 7 8 9 11 13 15 17 18 19 21 22 24 25 | 25.0
Armour         | 3 4 5 8 9 10 12 14 16 17 18 20 21 | 21.5
Dodging        | 3 4 6 9 10 11 12 14 15 16 | 16.0
Throwing       | 1 2 5 7 8 12 | 12.2
Shields        | 9 16 20 21 22 | 22.1

Action                   |  1- 3 |  4- 6 |  7- 9 | 10-12 | 13-15 | 16-18 | 19-21 || total
-------------------------+-------+-------+-------+-------+-------+-------+-------++-------
Melee: Hand axe          |    48 |    94 |   186 |       |       |       |       ||   328
       Headbutt          |     6 |    17 |    65 |    83 |   226 |   343 |   517 ||  1257
       Punch             |       |       |     2 |     5 |     8 |       |       ||    15
       War axe           |       |       |   106 |    22 |       |    27 |       ||   155
       Broad axe         |       |       |       |   350 |   833 |  1262 |  1560 ||  4005
       Flail             |       |       |       |       |     4 |       |       ||     4
Throw: Boomerang         |       |       |     1 |    40 |   138 |   135 |    14 ||   328
       Javelin           |       |       |       |    18 |    77 |       |    18 ||   113
Invok: Berserk           |     1 |     2 |    11 |    23 |    29 |    30 |    21 ||   117
       Trog's Hand       |       |     1 |       |       |     2 |    10 |    27 ||    40
       Brothers in Arms  |       |       |       |       |     3 |    12 |    11 ||    26
  Use: Scroll            |     2 |     4 |    11 |     5 |    12 |     2 |     6 ||    42
       Potion            |       |     1 |     4 |     1 |     1 |     4 |     5 ||    16
 Stab: Distracted        |       |     1 |       |       |       |     2 |     8 ||    11
       Petrifying        |       |       |       |       |     2 |       |     1 ||     3
       Petrified         |       |       |       |       |     1 |       |     9 ||    10
Armor: Animal skin       |     6 |     8 |       |       |       |       |       ||    14
       Chain mail        |       |     1 |    81 |     6 |       |       |       ||    88
       Plate armour      |       |       |       |    25 |   165 |   363 |   517 ||  1070
       Pearl dragon scal |       |       |       |    69 |   175 |       |       ||   244
Dodge: Dodged            |    26 |    68 |   146 |   214 |   528 |   433 |   545 ||  1960
Block: Tower shield      |       |       |       |       |   119 |  1582 |  1556 ||  3257
       Reflection        |       |       |       |       |       |   162 |    39 ||   201

Table legend:
 A = Non-vault XP
 B = Vault XP
 C = Vault XP percentage of total XP
 D = Non-vault monster count
 E = Vault monster count
 F = Vault count percentage of total count
                 A         B        C        D         E       F
            +---------+---------+-------+---------+---------+-------
      Total |  421329 |  285170 |  40.4 |    1003 |     484 |  32.5
            +---------+---------+-------+---------+---------+-------
        D:1 |      22 |       0 |   0.0 |      13 |       0 |   0.0
        D:2 |      12 |     279 |  95.9 |       6 |      14 |  70.0
        D:3 |     131 |      14 |   9.7 |      32 |       7 |  17.9
        D:4 |     340 |     498 |  59.4 |      21 |      10 |  32.3
        D:5 |    1302 |       0 |   0.0 |      26 |       0 |   0.0
        D:6 |     970 |       0 |   0.0 |      21 |       0 |   0.0
        D:7 |     658 |       0 |   0.0 |      11 |       0 |   0.0
        D:8 |    1022 |     807 |  44.1 |      17 |      11 |  39.3
        D:9 |    3389 |       0 |   0.0 |      33 |       0 |   0.0
       D:10 |    2786 |    5637 |  66.9 |       8 |      13 |  61.9
       D:11 |    2561 |     959 |  27.2 |       5 |       1 |  16.7
       D:12 |    4623 |   14548 |  75.9 |      18 |      34 |  65.4
       D:13 |    7659 |       0 |   0.0 |      12 |       0 |   0.0
       D:14 |   14422 |    1654 |  10.3 |      26 |       2 |   7.1
       D:15 |   11967 |    2701 |  18.4 |      25 |       3 |  10.7
     Lair:1 |    5416 |    2542 |  31.9 |      24 |       3 |  11.1
     Lair:2 |    4085 |   16205 |  79.9 |      17 |      42 |  71.2
     Lair:3 |    3731 |       0 |   0.0 |      20 |       0 |   0.0
     Lair:4 |    6226 |       0 |   0.0 |      25 |       0 |   0.0
     Lair:5 |   15091 |    6862 |  31.3 |      41 |      15 |  26.8
    Swamp:1 |    7374 |    2934 |  28.5 |      18 |       2 |  10.0
    Swamp:2 |   10006 |       0 |   0.0 |      20 |       0 |   0.0
    Swamp:3 |   13565 |       0 |   0.0 |      22 |       0 |   0.0
    Swamp:4 |   18001 |   19600 |  52.1 |      35 |      30 |  46.2
    Snake:1 |    5075 |     662 |  11.5 |      11 |       1 |   8.3
    Snake:2 |   21266 |    7777 |  26.8 |      40 |      17 |  29.8
    Snake:3 |   17093 |   20729 |  54.8 |      34 |      28 |  45.2
    Snake:4 |   21429 |   28843 |  57.4 |      45 |      40 |  47.1
      Orc:1 |    3498 |    2659 |  43.2 |      37 |       2 |   5.1
      Orc:2 |    4031 |    8788 |  68.6 |      38 |      26 |  40.6
   Vaults:1 |   47634 |   30391 |  39.0 |      76 |      49 |  39.2
   Vaults:2 |   18629 |   12797 |  40.7 |      34 |      13 |  27.7
   Vaults:3 |   22886 |   37809 |  62.3 |      32 |      47 |  59.5
   Vaults:4 |   35977 |   11915 |  24.9 |      46 |      16 |  25.8
   Depths:1 |   46088 |    7845 |  14.5 |      63 |       7 |  10.0
   Depths:2 |   15859 |    5965 |  27.3 |      19 |       6 |  24.0
   Depths:3 |   18536 |   10796 |  36.8 |      22 |      12 |  35.3
   Depths:4 |    7969 |   16758 |  67.8 |      10 |      15 |  60.0
   Gauntlet |       0 |    6196 | 100.0 |       0 |      18 | 100.0
            +---------+---------+-------+---------+---------+-------
